 Dungeon Crawl Stone Soup version 0.30.0-20-g3615ddf2f0 (webtiles) character file.

Game seed: 9566271887962802599

607689 qw the Slayer (level 27, -2/196 HPs)
             Began as a Gargoyle Fighter on May 29, 2023.
             Was the Champion of the Shining One.
             Slain by a death scarab (16 damage)
             ... summoned by a royal mummy
             ... on level 1 of the Tomb of the Ancients.
             The game lasted 00:39:56 (55215 turns).

qw the Slayer (Gargoyle Fighter)                   Turns: 55215, Time: 00:39:56

Health: -2/196     AC: 64    Str: 38      XL:     27
Magic:  31/36      EV: 16    Int:  7 (9)  God:    the Shining One [******]
Gold:   1706       SH: 22    Dex:  6 (9)  Spells: 26/26 levels left

rFire   + + .        g - +8 broad axe of Asceticism {heavy, rElec Will+++ rCorr Str-4}
rCold   + . .        u - +2 tower shield {AC+3}
rNeg    + + +        o - +7 plate armour
rPois   inf          w - +2 helmet
rElec   +            j - +2 cloak
rCorr   +            L - +2 pair of gloves "Oqeuff" {rPois rN++ Str+3 Int-2}
SInv    .            E - -1 pair of boots of the Gnashing Gods {rN+ Regen+ rCorr Str+2}
Will    +++++        y - amulet "Nets" {Faith +Inv rC+ Str+2} Stlth
                     Y - +5 ring of evasion
HPRegen 1.32/turn    n - ring of Qarosor {rF++ rN+ Str+3}
MPRegen 0.25/turn

%: faith
@: about to teleport, marked, flying, slowed, glowing, very slow
A: sickness immunity, AC +20, big wings, negative energy resistance 1,
electricity resistance, torment resistance 1, petrification resistance, talons
1, sense surroundings 1, screaming 1, sturdy frame 1
}: 4/15 runes: barnacled, slimy, silver, gossamer
a: Renounce Religion, Evoke Invisibility, Divine Shield, Cleansing Flame, Summon
Divine Warrior


You were on level 1 of the Tomb of the Ancients.
You worshipped the Shining One.
The Shining One was exalted by your worship.
You visited 12 branches of the dungeon, and saw 54 of its levels.
You visited the Abyss 2 times.
You also visited: Ossuary.

You collected 8098 gold pieces.
You spent 6392 gold pieces at shops.


Innate Abilities, Weirdness & Mutations

You are immune to sickness and miasma.
Your stone body is resilient. (AC +20)
You are immune to poison.
Your large and strong wings let you fly.
You resist negative energy. (rN+)
You are resistant to electric shocks. (rElec)
You are resistant to unholy torment.
You are immune to petrification.
You have sharp toenails.
You passively map a small area around you.
You occasionally shout uncontrollably at your foes.
Your movements are slightly less encumbered by armour. (ER -2)


   Skills:
 - Level 26.0 Fighting
 - Level 18.0 Axes
 - Level 14.7 Throwing
 + Level 23.2 Armour
 - Level 10.0 Dodging
 - Level 22.1 Shields
 - Level 18.0 Invocations


You had 26 spell levels left.
You didn't know any spells.
Your spell library was empty.

Inventory:

Hand Weapons
 g - the +8 broad axe of Asceticism (weapon) {heavy, rElec Will+++ rCorr Str-4}
   (Okawaru gifted it to you on level 15 of the Dungeon)

   Str:       It affects your strength (-4).
   rElec:     It insulates you from electricity.
   rCorr:     It protects you from acid and corrosion.
   Will:      It greatly increases your willpower.
 h - a +0 broad axe
 x - the +2 broad axe of Yzath {spect, rCorr Int+6}
   (Okawaru gifted it to you on level 4 of the Shoals)

   Int:       It affects your intelligence (+6).
   rCorr:     It protects you from acid and corrosion.
Missiles
 C - 29 boomerangs (quivered)
Armour
 j - a +2 cloak (worn)
 o - a +7 plate armour (worn)
 u - a +2 tower shield of protection (worn)
 w - a +2 helmet (worn)
 E - the -1 pair of boots of the Gnashing Gods (worn) {rN+ Regen+ rCorr Str+2}
   (You acquired it on level 2 of the Orcish Mines)

   Str:       It affects your strength (+2).
   rN:        It protects you from negative energy.
   Regen:     It increases your rate of health regeneration.
   rCorr:     It protects you from acid and corrosion.
 H - +0 gold dragon scales
 K - a scarf of resistance
 L - the +2 pair of gloves "Oqeuff" (worn) {rPois rN++ Str+3 Int-2}
   (Okawaru gifted it to you on level 5 of the Pits of Slime)

   Str:       It affects your strength (+3).
   Int:       It affects your intelligence (-2).
   rPois:     It protects you from poison.
   rN:        It greatly protects you from negative energy.
 N - a +3 plate armour of cold resistance
Jewellery
 i - the amulet of Jyic {Regen+ Int+3 Dex+2 Stlth+}
   (You found it on level 5 of the Lair of Beasts)

   [amulet of regeneration]

   Int:       It affects your intelligence (+3).
   Dex:       It affects your dexterity (+2).
   Regen:     It increases your rate of health regeneration.
   Stlth:     It makes you more stealthy.
 k - a +5 ring of evasion
 m - the ring "Xosi" {rF+ rC+ Will+}
   (You found it on level 13 of the Dungeon)

   [ring of protection from cold]

   rF:        It protects you from fire.
   rC:        It protects you from cold.
   Will:      It increases your willpower.
 n - the ring of Qarosor (right hand) {rF++ rN+ Str+3}
   (You found it on level 3 of the Lair of Beasts)

   [ring of positive energy]

   Str:       It affects your strength (+3).
   rF:        It greatly protects you from fire.
   rN:        It protects you from negative energy.
 y - the amulet "Nets" (around neck) {Faith +Inv rC+ Str+2}
   (You bought it in a shop on level 2 of the Orcish Mines)

   [amulet of faith]

   It allows you to gain divine favour quickly.
   Str:       It affects your strength (+2).
   rC:        It protects you from cold.
   +Inv:      It lets you turn invisible.
 B - the ring "Siojet" {+Blink rPois rC+ Str+3 Dex-2}
   (You bought it in a shop on level 3 of the Shoals)

   [ring of poison resistance]

   Str:       It affects your strength (+3).
   Dex:       It affects your dexterity (-2).
   rC:        It protects you from cold.
   rPois:     It protects you from poison.
   +Blink:    It lets you blink.
 I - the ring of Vaet {Fire Dex+5}
   (You bought it in a shop on level 3 of the Shoals)

   [ring of fire]

   It enhances your fire magic.
   Dex:       It affects your dexterity (+5).
   rF:        It protects you from fire.
   rC:        It makes you vulnerable to cold.
 Y - a +5 ring of evasion (left hand)
Wands
 b - a wand of digging (22)
Scrolls
 e - 22 scrolls of teleportation
 q - 11 scrolls of identify
 D - 7 scrolls of enchant weapon
 F - 4 scrolls of brand weapon
Potions
 a - 12 potions of heal wounds
 d - 12 potions of might
 f - 19 potions of curing
 l - 9 potions of lignification
 p - 4 potions of mutation
 s - 11 potions of attraction
 v - 8 potions of magic
 z - 9 potions of haste
 A - 4 potions of cancellation

Dungeon Overview and Level Annotations

Branches:
Dungeon (15/15)            Temple (1/1) D:5            Lair (5/5) D:8
 Shoals (4/4) Lair:2       Spider (4/4) Lair:2        Slime (5/5) Lair:4
    Orc (2/2) D:10            Elf (0/3) Orc:2        Vaults (5/5) D:14
  Crypt (3/3) Vaults:2       Tomb (2/3) Crypt:3      Depths (4/4) D:15
    Zot (4/5) Depths:4    Ossuary (visited)

Altars:
Ashenzari
Cheibriados
Dithmenos
Elyvilon
Fedhas
Gozag
Hepliaklqana
Kikubaaqudgha
Makhleb
Nemelex Xobeh
Okawaru
Qazlal
Ru
Sif Muna
Trog
Uskayaw
Vehumet
Wu Jian
Xom
Yredelemnul
Zin
The Shining One
Jiyva
Lugonu

Shops:
D:7 :   D:15 (   Orc:1 [   Orc:2 ?!=(   Shoals:3 [![=   Vaults:3 ?
Depths:4 :[[

Portals:
Hell: Depths:1 Depths:2 Depths:3 Depths:4
Abyss: Depths:3
Pandemonium: Depths:2 Depths:3
Ziggurat: Depths:3
Trove: D:14 (give 7 potions of haste)

Annotations:
Vaults:1 3 runed translucent doors, qw's ghost, adept GrFi
Vaults:3 2 runed translucent doors, Zotwa's ghost, adept GnSk
Vaults:4 3 runed translucent doors, qw's ghost, adept GrFi
Depths:3 1 transporter


Message History

The death scarab closely misses you.
The death scarab bites you but does no damage.
You block the death scarab's attack.
The death scarab bites you but does no damage. x2
The death scarab barely misses you. x2
The royal mummy mumbles some strange words. x2
The royal mummy points at you and mumbles some strange words.
Something smites you! The death scarab barely misses you.
You block the death scarab's attack. The death scarab misses you. x2
The death scarab barely misses you.
The royal mummy casts a spell. x2
The royal mummy points at you and mumbles some strange words.
Something smites you!
The royal mummy calls on the powers of darkness!
The emperor scorpion convulses!
Your body is wracked with pain!
The emperor scorpion convulses! x5
Enter note:
Enter note:
Enter note:
Enter note:
Enter note:
Enter note:
Enter note:
Enter note:
55215 ||| READING 23 scrolls of teleportation.
As you read the scroll of teleportation, it crumbles to dust.
You feel strangely unstable.
The death scarab's many legs skitter faintly.
You block the death scarab's attack. x3
The death scarab bites you but does no damage.
The death scarab bites you! The death scarab drains your vigour!
You feel as though you will be slow longer.
You block the death scarab's attack.
The death scarab bites you but does no damage.
The death scarab bites you. The death scarab drains your vigour!
You feel as though you will be slow longer.
The death scarab closely misses you. The death scarab completely misses you.
The death scarab closely misses you. You block the death scarab's attack. x3
The death scarab bites you! x2
You die...

.................................
..........##################.....
..........### ######## * #.8...
..........# >.#..ss.. ,* #.....
..........# .#..^.. * #.....
..........####'.BsM, ' #.8...
..........##.B.sBs# ..., #.....
.!........##...BBB#MB..., #.....
..........#


*#.B@BBMMMs. *#.8... ..).......##^MMBBB#MM... #).... ..........##..BBsB# ss.
#..... ..........####'ssBs ' #.8... ..........# .#.M.M^,,, ,,*#..... ..........#
..#......^ * ,*##'''' ..........##. ##############..... ..........##.
#....#.....#....... ..........#* #....#.^...#.^..... You could see 9 royal
mummies, 12 emperor scorpions, 2 guardian mummies and 17 death scarabs.

Vanquished Creatures
  the Royal Jelly (Slime:5)
  Mennas (Depths:3)
  An orb of fire (Zot:4)
  A juggernaut (Depths:4)
  4 royal mummies
  Vv (Crypt:1)
  Sojobo (Vaults:5)
  Saint Roka (Crypt:1)
  A Killer Klown (Zot:4)
  2 curse toes
  4 caustic shrikes (Depths:4)
  4 golden dragons
  3 bone dragons
  2 doom hounds (Depths:4)
  14 tentacled monstrosities
  4 hellephants (Depths:1)
  An electric golem (Zot:2)
  A Hell Sentinel (Zot:3)
  Jorgrun (Spider:1)
  5 liches
  4 quicksilver dragons
  Rupert (D:15)
  A deep elf blademaster (Crypt:3)
  4 deep elf master archers
  Grunn (Depths:4)
  16 titans
  9 ancient champions
  15 acid blobs
  2 krakens (Shoals:3)
  6 death cobs
  3 tentacled starspawn (Abyss:2)
  Ilsuiw (Shoals:4)
  11 sphinxes
  Donald (Spider:2)
  8 tengu reavers
  9 draconian monks
  2 revenants
  10 storm dragons
  10 azure jellies
  9 shadow dragons
  3 draconian knights
  12 rockslimes
  14 fire giants
  2 emperor scorpions (Depths:2)
  An iron dragon (Depths:3)
  21 frost giants
  2 deep elf sorcerers
  5 ghost moths
  10 draconian shifters
  20 vault wardens
  5 curse skulls
  7 draconian annihilators
  14 ghouls
  An orc warlord (Vaults:1)
  4 draconian scorchers
  2 draconian stormcallers (Zot:3)
  A spriggan defender (Depths:2)
  26 ironbound preservers
  15 stone giants
  2 broodmothers
  25 very ugly things
  6 war gargoyles (Vaults:5)
  7 ironbound thunderhulks
  5 quicksilver oozes
  6 vampire knights
  13 green draconians
  23 black draconians
  2 bennus (Tomb:2)
  13 red draconians
  7 dire elephants
  A starcursed mass (Abyss:2)
  18 purple draconians
  14 yellow draconians
  9 white draconians
  3 deep elf annihilators
  5 eidola
  8 deep elf death magi
  11 spark wasps
  15 ettins
  15 merfolk impalers
  12 mummy priests
  10 fire dragons
  10 jiangshi
  6 merfolk javelineers (Shoals:4)
  An entropy weaver (shapeshifter) (Vaults:5)
  7 entropy weavers
  A quicksilver dragon skeleton (Abyss:2)
  12 yaktaur captains
  11 great orbs of eyes
  5 deep elf high priests
  19 ironbound frosthearts
  4 rakshasas
  A peacekeeper (Vaults:4)
  3 spriggan zombies
  45 vault guards
  5 ogre magi
  10 ice dragons
  3 catoblepae
  A ghost crab (Spider:1)
  2 spriggan air magi
  A hell beast (Depths:2)
  4 centaur warriors
  4 merfolk aquamancers (Shoals:4)
  11 hydras
  3 merfolk avatars
  4 radroaches
  10 boulder beetles
  An alligator snapping turtle (Shoals:3)
  A bennu skeleton (Crypt:2)
  6 deep troll earth magi
  A death knight (Crypt:1)
  An Orb Guardian skeleton (Crypt:3)
  10 death yaks
  A satyr (Shoals:4)
  13 two-headed ogres
  5 deep troll shamans
  6 vampire magi
  7 hell hogs
  23 death scarabs
  7 tengu warriors
  3 orc high priests (Orc:2)
  A soul eater (Crypt:2)
  2 titan zombies
  2 spriggan berserkers (Depths:4)
  8 deep elf knights
  Sonja (D:12)
  7 spriggans
  2 shadow wraiths (Crypt:2)
  4 hell knights
  8 skeletal warriors
  A titan skeleton (Crypt:1)
  6 pharaoh ants
  5 iron trolls
  5 skysharks
  A death drake (shapeshifter) (Vaults:5)
  A wretched star (Abyss:2)
  A skyshark (shapeshifter) (Depths:4)
  52 deep trolls
  A storm dragon skeleton (Crypt:2)
  3 sun moths (Spider:4)
  3 flayed ghosts
  8 orb spiders
  2 spriggan druids (Depths:2)
  7 bog bodies
  13 sea snakes
  A golden dragon skeleton (D:15)
  4 glowing orange brains
  21 ironbound convokers
  A kraken simulacrum (Shoals:4)
  11 wizards
  13 harpies
  A lindwurm (shapeshifter) (Vaults:5)
  7 phantasmal warriors
  17 lindwurms
  Pikel (D:5)
  11 deep elf archers
  29 ugly things
  15 orc knights
  13 steelbarb worms
  8 necromancers
  13 deep elf zephyrmancers
  14 deep elf pyromancers
  3 shining eyes
  20 fauns
  22 wolf spiders
  A worldbinder (Abyss:2)
  9 cyclopes
  10 manticores
  A faun (shapeshifter) (Vaults:5)
  A cyclops (shapeshifter) (Depths:1)
  4 orc sorcerers (Orc:2)
  9 merfolk sirens
  20 moths of wrath
  2 iron dragon skeletons
  14 elephants
  6 water nymphs
  6 black mambas
  2 eyes of devastation (Slime:4)
  A stone giant skeleton (Crypt:3)
  19 vault sentinels
  Maggie (D:6)
  4 torpor snails
  8 demonic crawlers
  2 gargoyles (D:12)
  11 cane toads
  An alligator snapping turtle zombie (Crypt:1)
  A naga skeleton (Crypt:1)
  17 komodo dragons
  A cane toad (shapeshifter) (Vaults:1)
  5 rime drakes
  3 dire elephant skeletons
  An efreet (D:11)
  20 yaktaurs
  A death yak zombie (Crypt:1)
  A komodo dragon (shapeshifter) (D:14)
  An iron troll zombie (Crypt:2)
  A pale draconian zombie (Crypt:3)
  A white draconian zombie (Crypt:3)
  A purple draconian skeleton (Crypt:2)
  3 freezing wraiths
  6 tengu conjurers
  An ancient zyme (Abyss:2)
  4 harpy zombies (Shoals:4)
  15 guardian mummies
  4 harpy skeletons
  31 merfolk
  A hellwing (Abyss:2)
  13 meliai
  8 hornets
  11 trolls
  A merfolk (shapeshifter) (Vaults:2)
  A sea snake skeleton (Crypt:1)
  5 polar bears
  A queen bee (D:9)
  A wind drake (shapeshifter) (D:15)
  4 tyrant leeches (Spider:1)
  A moth of wrath zombie (Crypt:3)
  3 wind drakes (Shoals:4)
  A blink frog (shapeshifter) (D:14)
  An ice dragon zombie (Crypt:3)
  21 tarantellas
  A radroach zombie (Crypt:2)
  8 dream sheep
  9 blink frogs (Lair:4)
  5 snapping turtles
  An ettin zombie (Abyss:2)
  26 jumping spiders
  Sigmund (D:2)
  19 flying skulls
  75 slime creatures
  A centaur simulacrum (Tomb:1)
  14 culicivoras
  7 water elementals
  9 large abominations (Abyss:2)
  6 shadows
  3 black mamba skeletons
  A ynoxinul (Abyss:2)
  75 yaks
  10 wraiths
  7 ushabtiu (Tomb:1)
  5 wyverns
  4 basilisks
  10 humans
  A basilisk (shapeshifter) (D:15)
  6 golden eyes
  11 vampire mosquitoes
  7 small abominations (Abyss:2)
  37 redbacks
  A redback (shapeshifter) (Depths:3)
  A swamp worm (shapeshifter) (Vaults:5)
  3 wargs
  An acid dragon (D:9)
  Duvessa (D:6)
  A fire bat skeleton (Crypt:1)
  A floating eye (shapeshifter) (Vaults:5)
  10 water moccasins
  2 floating eyes
  35 orc warriors
  A manticore zombie (Shoals:4)
  A sky beast (D:8)
  10 ogres
  15 wolves
  A boggart (Vaults:2)
  2 centaurs
  An elephant skeleton (Crypt:2)
  3 lemures (D:5)
  4 phantoms
  A fire crab zombie (Crypt:3)
  A yaktaur zombie (Crypt:3)
  4 kobold brigands
  6 necrophages
  A cyclops zombie (Crypt:3)
  11 bullfrogs
  2 gnoll sergeants
  4 scorpions
  A water moccasin skeleton (Crypt:1)
  13 wights
  Dowan (D:6)
  24 killer bees
  5 howler monkeys
  5 electric eels
  3 jellies
  17 orc priests
  3 hounds
  An iron imp (Abyss:2)
  2 sleepcaps (D:6)
  Ijyb (D:3)
  Jessica (D:2)
  5 iguanas
  31 orc wizards
  8 hell rats
  35 mummies
  9 gnolls
  9 adders
  2 shadow imps (D:6)
  5 white imps
  An adder zombie (Ossuary)
  A worm (D:2)
  2 dart slugs
  80 orcs
  6 endoplasms
  3 giant cockroaches
  12 goblins
  7 hobgoblins
  5 jackals
  24 kobolds
  3 quokkas
  A river rat zombie (Crypt:1)
  9 ball pythons
  2 ball python zombies
  5 bats
  A frilled lizard (D:3)
  A goblin skeleton (Crypt:3)
  3 hobgoblin skeletons (Ossuary)
  A kobold zombie (Ossuary)
  3 orc zombies (Ossuary)
  8 rats
  2 spectral weapons (Vaults:1)
  7 starspawn tentacles (Abyss:2)
  8 tentacles (Shoals:3)
2390 creatures vanquished.

Vanquished Creatures (collateral kills)
  3 royal mummies
  2 liches (Tomb:1)
  A titan (Tomb:1)
  5 mummy priests
  2 death scarabs
  A skeletal warrior (Tomb:2)
  A bunyip skeleton (Tomb:2)
  A deep elf pyromancer (Tomb:1)
  13 guardian mummies
  A harpy skeleton (Tomb:1)
  An ushabti (Tomb:1)
  9 mummies
40 creatures vanquished.

Vanquished Creatures (others)
  Asterion (Vaults:1)
  2 fire giants (Depths:2)
  A satyr (Shoals:4)
  A tyrant leech (Spider:1)
  A water elemental (Shoals:4)
  A human (D:14)
  A redback (Spider:2)
  An orc warrior (Crypt:1)
  An orc wizard (Crypt:1)
  12 spectral weapons
  A starspawn tentacle (Abyss:2)
  8 tentacles (Shoals:3)
31 creatures vanquished.

Grand Total: 2461 creatures vanquished

Notes
Turn   | Place    | Note
-------+----------+-------------------------------------------
     0 | D:1      | qw the Gargoyle Fighter began the quest for the Orb.
     0 | D:1      | Reached XP level 1. HP: 14/14 MP: 1/1
     0 | D:1      | 0 ||| qw: Version: 0.2-a-102-gbcf14f9
     0 | D:1      | 0 ||| qw: Game counter: 375
     0 | D:1      | 0 ||| qw: Always use a shield: true
     0 | D:1      | 0 ||| qw: God list: Okawaru
     0 | D:1      | 0 ||| qw: Allow faded altars: false
     0 | D:1      | 0 ||| qw: Do Orc after D:15 true
     0 | D:1      | 0 ||| qw: Do second Lair branch before Depths: true
     0 | D:1      | 0 ||| qw: Lair rune preference: random
     0 | D:1      | 0 ||| qw: Plans: Normal, Zot:1-4, Slime:5, God:TSO, Crypt,
                  | Tomb, Pan, Hells, Abyss, Win
     0 | D:1      | 0 ||| PLANNING D:1-11
    51 | D:1      | 51 ||| Stepping ~*~*~tactically~*~*~ (hiding).
    88 | D:1      | 88 ||| Stepping ~*~*~tactically~*~*~ (hiding).
   135 | D:1      | 135 ||| DROPPING +0 club.
   150 | D:1      | 150 ||| Stepping ~*~*~tactically~*~*~ (stealth).
   159 | D:1      | Reached XP level 2. HP: 18/19 MP: 2/2
   450 | D:1      | Reached skill level 3 in Axes
   536 | D:1      | Reached XP level 3. HP: 23/23 MP: 3/3
   566 | D:1      | 566 ||| UPGRADING to amulet of regeneration.
   571 | D:1      | 571 ||| DROPPING amulet of guardian spirit.
   572 | D:1      | 572 ||| UPGRADING to ring of see invisible.
   573 | D:1      | 573 ||| READING scroll labelled OKHADA TAYFFET.
   731 | D:2      | Noticed Sigmund
   732 | D:2      | 732 ||| Stepping ~*~*~tactically~*~*~ (hiding).
   748 | D:2      | Killed Sigmund
   749 | D:2      | Reached XP level 4. HP: 28/28 MP: 4/4
   749 | D:2      | Reached XP level 5. HP: 32/32 MP: 5/5
   845 | D:2      | Noticed Jessica
   854 | D:2      | Killed Jessica
   855 | D:2      | Reached XP level 6. HP: 36/38 MP: 6/6
   988 | D:2      | Identified the +1 leather armour of Joamos {rPois MP+9
                  | Str-4 Int-2}
  1030 | D:2      | Reached skill level 4 in Fighting
  1190 | D:2      | 1190 ||| Stepping ~*~*~tactically~*~*~ (hiding).
  1377 | D:2      | 1377 ||| DROPPING +1 leather armour of Joamos {rPois MP+9
                  | Str-4 Int-2}.
  1378 | D:2      | 1378 ||| UPGRADING to +5 ring of evasion.
  1379 | D:2      | 1379 ||| READING scroll labelled TYMIRCH NOSHRAYDI.
  1380 | D:2      | 1380 ||| READING scroll labelled GANOGE GUWN.
  1381 | D:2      | 1381 ||| READING scroll labelled ANEORI ATONU.
  1382 | D:2      | 1382 ||| READING scroll labelled UQORHO YBORGH.
  1466 | D:3      | Reached skill level 1 in Dodging
  1487 | D:3      | Found a radiant altar of Vehumet.
  1512 | D:3      | 1512 ||| Stepping ~*~*~tactically~*~*~ (stealth).
  1518 | D:3      | 1518 ||| Stepping ~*~*~tactically~*~*~ (stealth).
  1631 | D:3      | 1631 ||| Stepping ~*~*~tactically~*~*~ (stealth).
  1794 | D:3      | 1794 ||| Stepping ~*~*~tactically~*~*~ (hiding).
  1798 | D:3      | 1798 ||| Stepping ~*~*~tactically~*~*~ (stealth).
  1852 | D:3      | Noticed Ijyb
  1858 | D:3      | Killed Ijyb
  2233 | D:3      | 2233 ||| READING scroll labelled LIETHR TIG JINU.
  2234 | D:3      | 2234 ||| READING scroll labelled BUCAGA LIMYO.
  2235 | D:3      | 2235 ||| READING scroll labelled YKEMEM TOOST.
  2236 | D:3      | 2236 ||| DRINKING 2 yellow potions.
  2237 | D:3      | 2237 ||| DRINKING 2 coppery potions.
  2238 | D:3      | 2238 ||| READING 3 scrolls of identify.
  2238 | D:3      | 2238 ||| IDENTIFYING fizzy yellow potion
  2239 | D:3      | 2239 ||| READING 2 scrolls of identify.
  2239 | D:3      | 2239 ||| IDENTIFYING emerald potion
  2240 | D:3      | 2240 ||| DROPPING potion of brilliance.
  2241 | D:3      | 2241 ||| DROPPING potion of flight.
  2272 | D:4      | Reached skill level 6 in Axes
  2320 | D:4      | Reached XP level 7. HP: 24/43 MP: 7/7
  2357 | D:4      | 2357 ||| Stepping ~*~*~tactically~*~*~ (hiding).
  2491 | D:4      | 2491 ||| Stepping ~*~*~tactically~*~*~ (stealth).
  2501 | D:4      | 2501 ||| DROPPING +0 whip.
  2997 | D:4      | Found a shadowy altar of Dithmenos.
  3138 | D:4      | 3138 ||| READING scroll labelled EKKUAN KEUP.
  3147 | D:4      | 3147 ||| READING 2 scrolls of identify.
  3147 | D:4      | 3147 ||| IDENTIFYING sapphire potion
  3148 | D:4      | 3148 ||| DROPPING potion of degeneration.
  3183 | D:5      | Entered Level 5 of the Dungeon
  3184 | D:5      | 3184 ||| PLANNING OSSUARY
  3208 | D:5      | Noticed Pikel
  3209 | D:5      | 3209 ||| Stepping ~*~*~tactically~*~*~ (stealth).
  3226 | D:5      | Killed Pikel
  3227 | D:5      | Reached skill level 7 in Fighting
  3227 | D:5      | Reached XP level 8. HP: 26/53 MP: 8/8
  3289 | D:5      | 3289 ||| Stepping ~*~*~tactically~*~*~ (stealth).
  3338 | D:5      | 3338 ||| Stepping ~*~*~tactically~*~*~ (stealth).
  3477 | D:5      | Found a staircase to the Ecumenical Temple.
  3520 | D:5      | 3520 ||| Stepping ~*~*~tactically~*~*~ (stealth).
  3536 | D:5      | Found a glowing drain.
  3587 | D:5      | Found a bloodstained altar of Trog.
  3587 | D:5      | Found a white marble altar of Elyvilon.
  3623 | D:5      | 3623 ||| Stepping ~*~*~tactically~*~*~ (stealth).
  3664 | D:5      | Reached XP level 9. HP: 55/57 MP: 9/9
  3692 | D:5      | 3692 ||| Stepping ~*~*~tactically~*~*~ (hiding).
  3717 | D:5      | Found a sand-covered staircase.
  3718 | D:5      | 3718 ||| READING scroll labelled ZOSUNT SUNIFUI.
  3727 | Ossuary  | Entered an ossuary
  3794 | Ossuary  | Reached skill level 9 in Axes
  3874 | Ossuary  | 3874 ||| DROPPING +0 flail.
  4011 | Ossuary  | 4011 ||| RIP SEWER
  4011 | Ossuary  | 4011 ||| READING scroll labelled TUOKHIMOCH.
  4011 | Ossuary  | Identified a scroll of acquirement
  4011 | Ossuary  | 4011 ||| ACQUIRING +0 pair of fencer's gloves {Riposte
                  | Dex+3}
  4011 | Ossuary  | Acquired the +0 pair of fencer's gloves {Riposte Dex+3}
  4011 | Ossuary  | Found the +0 pair of fencer's gloves {Riposte Dex+3}
  4013 | Ossuary  | 4013 ||| UPGRADING to +0 pair of fencer's gloves {Riposte
                  | Dex+3}.
  4018 | Ossuary  | 4018 ||| READING scroll labelled RAFUMP YDEJU.
  4019 | Ossuary  | 4019 ||| DRINKING 2 amethyst potions.
  4019 | Ossuary  | Gained mutation: Your flesh is heat resistant. (rF+)
                  | [potion of mutation]
  4020 | Ossuary  | 4020 ||| READING 3 scrolls of identify.
  4020 | Ossuary  | 4020 ||| IDENTIFYING murky black potion
  4078 | D:5      | 4078 ||| RIP SEWER
  4079 | D:5      | 4079 ||| PLANNING TEMPLE
  4110 | Temple   | Entered the Ecumenical Temple
  4140 | Temple   | 4140 ||| PLANNING D:1-11
  4340 | D:6      | Noticed Maggie
  4352 | D:6      | Killed Maggie
  4353 | D:6      | Reached skill level 3 in Dodging
  4470 | D:6      | Found a basalt altar of Yredelemnul.
  4627 | D:6      | 4627 ||| Stepping ~*~*~tactically~*~*~ (hiding).
  4872 | D:6      | 4872 ||| DROPPING +1 morningstar.
  4891 | D:6      | Noticed Duvessa
  4892 | D:6      | Noticed Dowan
  4893 | D:6      | 4893 ||| Stepping ~*~*~tactically~*~*~ (stealth).
  4899 | D:6      | Killed Duvessa
  4900 | D:6      | Reached skill level 8 in Fighting
  4901 | D:6      | 4901 ||| Stepping ~*~*~tactically~*~*~ (hiding).
  4902 | D:6      | 4902 ||| Stepping ~*~*~tactically~*~*~ (hiding).
  4908 | D:6      | Killed Dowan
  4990 | D:6      | 4990 ||| Stepping ~*~*~tactically~*~*~ (stealth).
  4991 | D:6      | 4991 ||| Stepping ~*~*~tactically~*~*~ (stealth).
  4992 | D:6      | 4992 ||| Stepping ~*~*~tactically~*~*~ (stealth).
  4993 | D:6      | 4993 ||| Stepping ~*~*~tactically~*~*~ (stealth).
  5002 | D:6      | Reached XP level 10. HP: 49/64 MP: 10/10
  5124 | D:6      | Found an opulent altar of Gozag.
  5194 | D:6      | Noticed a +0 hand axe
  5195 | D:6      | Found a hide-covered altar of Uskayaw.
  5196 | D:6      | Noticed a +0 hand axe
  5489 | D:6      | 5489 ||| UPGRADING to +1 swamp dragon scales.
  5499 | D:6      | 5499 ||| DROPPING +0 scale mail.
  5500 | D:6      | 5500 ||| DROPPING +0 leather armour of cold resistance.
  5501 | D:6      | 5501 ||| UPGRADING to +0 plate armour.
  5511 | D:6      | 5511 ||| DROPPING +1 swamp dragon scales.
  5512 | D:6      | 5512 ||| READING scroll of enchant armour.
  5512 | D:6      | 5512 ||| ENCHANTING +0 plate armour.
  5513 | D:6      | 5513 ||| READING scroll labelled SEFIAG UKALLA.
  5514 | D:6      | 5514 ||| READING 2 scrolls of identify.
  5514 | D:6      | 5514 ||| IDENTIFYING bubbling green potion
  5602 | D:6      | 5602 ||| UPGRADING to +2 cloak.
  5607 | D:6      | 5607 ||| DROPPING scarf of harm.
  5657 | D:7      | Found a broken altar of Ashenzari.
  5705 | D:7      | Reached skill level 1 in Throwing
  5784 | D:7      | Found Zetiu's Book Shoppe.
  5802 | D:7      | Found a sacrificial altar of Ru.
  5889 | D:7      | 5889 ||| Stepping ~*~*~tactically~*~*~ (stealth).
  5891 | D:7      | 5891 ||| Stepping ~*~*~tactically~*~*~ (stealth).
  5894 | D:7      | 5894 ||| Stepping ~*~*~tactically~*~*~ (stealth).
  5895 | D:7      | 5895 ||| Stepping ~*~*~tactically~*~*~ (stealth).
  5896 | D:7      | 5896 ||| Stepping ~*~*~tactically~*~*~ (stealth).
  5899 | D:7      | 5899 ||| Stepping ~*~*~tactically~*~*~ (hiding).
  5900 | D:7      | 5900 ||| Stepping ~*~*~tactically~*~*~ (stealth).
  6027 | D:7      | 6027 ||| Stepping ~*~*~tactically~*~*~ (hiding).
  6028 | D:7      | 6028 ||| Stepping ~*~*~tactically~*~*~ (hiding).
  6030 | D:7      | 6030 ||| Stepping ~*~*~tactically~*~*~ (hiding).
  6535 | D:7      | 6535 ||| Stepping ~*~*~tactically~*~*~ (stealth).
  6537 | D:7      | 6537 ||| Stepping ~*~*~tactically~*~*~ (stealth).
  6538 | D:7      | 6538 ||| Stepping ~*~*~tactically~*~*~ (stealth).
  6539 | D:7      | 6539 ||| READING scroll labelled MAJAIT YKHLO.
  6540 | D:7      | 6540 ||| READING 2 scrolls of identify.
  6540 | D:7      | 6540 ||| IDENTIFYING viscous puce potion
  6541 | D:7      | 6541 ||| DROPPING potion of berserk rage.
  6727 | D:8      | Found an iron altar of Okawaru.
  6728 | D:8      | 6728 ||| PLANNING OKAWARU WORSHIP
  6738 | D:8      | Reached skill level 6 in Armour
  6756 | D:8      | Became a worshipper of Warmaster Okawaru
  6756 | D:8      | 6756 ||| PLANNING D:1-11
  6772 | D:8      | 6772 ||| Stepping ~*~*~tactically~*~*~ (hiding).
  6774 | D:8      | 6774 ||| Stepping ~*~*~tactically~*~*~ (hiding).
  6776 | D:8      | 6776 ||| Stepping ~*~*~tactically~*~*~ (hiding).
  6833 | D:8      | 6833 ||| FLEEEEING.
  6834 | D:8      | 6834 ||| FLEEEEING.
  6840 | D:8      | 6840 ||| STAIRDANCE
  6988 | D:7      | 6988 ||| READING scroll labelled LOOLESTRE WURPHIER.
  7059 | D:8      | Found a staircase to the Lair.
  7061 | D:8      | 7061 ||| Stepping ~*~*~tactically~*~*~ (stealth).
  7167 | D:8      | 7167 ||| Stepping ~*~*~tactically~*~*~ (stealth).
  7187 | D:8      | 7187 ||| Stepping ~*~*~tactically~*~*~ (stealth).
  7201 | D:8      | Found a flagged portal.
  7272 | D:8      | Found a shimmering altar of Xom.
  7272 | D:8      | Found a snail-covered altar of Cheibriados.
  7490 | D:8      | 7490 ||| Stepping ~*~*~tactically~*~*~ (stealth).
  7614 | D:8      | 7614 ||| PLANNING LAIR
  7614 | D:8      | 7614 ||| READING 2 scrolls of identify.
  7614 | D:8      | 7614 ||| IDENTIFYING ruby potion
  7632 | D:8      | 7632 ||| Stepping ~*~*~tactically~*~*~ (hiding).
  7633 | D:8      | 7633 ||| Stepping ~*~*~tactically~*~*~ (stealth).
  7676 | Lair:1   | Entered Level 1 of the Lair of Beasts
  7695 | Lair:1   | Noticed a cane toad
  7705 | Lair:1   | Killed a cane toad
  7740 | Lair:1   | Reached * piety under Okawaru
  7808 | Lair:1   | 7808 ||| INVOKING Heroism.
  7886 | Lair:1   | 7886 ||| INVOKING Heroism.
  7925 | Lair:1   | Reached skill level 1 in Invocations
  7932 | Lair:1   | Reached skill level 9 in Fighting
  7932 | Lair:1   | Reached XP level 11. HP: 71/71 MP: 10/12
  7956 | Lair:1   | 7956 ||| INVOKING Heroism.
  7964 | Lair:1   | Reached skill level 3 in Invocations
  8070 | Lair:1   | 8070 ||| READING scroll of acquirement.
  8070 | Lair:1   | 8070 ||| ACQUIRING 621 gold pieces
  8070 | Lair:1   | Acquired 621 gold pieces
  8176 | Lair:1   | Reached ** piety under Okawaru
  8815 | Lair:1   | 8815 ||| DRINKING 2 inky potions.
  8850 | Lair:2   | 8850 ||| INVOKING Heroism.
  8879 | Lair:2   | 8879 ||| INVOKING Heroism.
  8995 | Lair:2   | 8995 ||| INVOKING Heroism.
  9066 | Lair:2   | Noticed a six-headed hydra
  9067 | Lair:2   | 9067 ||| INVOKING Heroism.
  9073 | Lair:2   | 9073 ||| SWAPPING to +4 morningstar.
  9078 | Lair:2   | Killed a six-headed hydra
  9079 | Lair:2   | Reached skill level 12 in Axes
  9079 | Lair:2   | 9079 ||| SWAPPING to +0 spectral war axe.
  9117 | Lair:2   | Found a sparkling altar of Nemelex Xobeh.
  9159 | Lair:2   | Reached *** piety under Okawaru
  9162 | Lair:2   | 9162 ||| Stepping ~*~*~tactically~*~*~ (stealth).
  9171 | Lair:2   | Reached skill level 6 in Shields
  9265 | Lair:2   | 9265 ||| INVOKING Heroism.
  9289 | Lair:2   | Noticed a boulder beetle
  9290 | Lair:2   | 9290 ||| INVOKING Heroism.
  9311 | Lair:2   | Reached skill level 9 in Armour
  9318 | Lair:2   | 9318 ||| INVOKING Heroism.
  9323 | Lair:2   | Killed a boulder beetle
  9483 | Lair:2   | 9483 ||| INVOKING Heroism.
  9511 | Lair:2   | 9511 ||| Stepping ~*~*~tactically~*~*~ (stealth).
  9513 | Lair:2   | 9513 ||| Stepping ~*~*~tactically~*~*~ (stealth).
  9517 | Lair:2   | 9517 ||| Stepping ~*~*~tactically~*~*~ (stealth).
  9519 | Lair:2   | 9519 ||| Stepping ~*~*~tactically~*~*~ (stealth).
  9520 | Lair:2   | 9520 ||| Stepping ~*~*~tactically~*~*~ (stealth).
  9521 | Lair:2   | 9521 ||| INVOKING Heroism.
  9528 | Lair:2   | Reached skill level 10 in Fighting
  9530 | Lair:2   | Reached **** piety under Okawaru
  9531 | Lair:2   | Reached XP level 12. HP: 74/77 MP: 13/15
  9572 | Lair:2   | Found a staircase to the Shoals.
  9578 | Lair:2   | 9578 ||| INVOKING Heroism.
  9645 | Lair:2   | 9645 ||| Stepping ~*~*~tactically~*~*~ (hiding).
  9647 | Lair:2   | 9647 ||| INVOKING Heroism.
  9685 | Lair:2   | Identified the +1 robe of Cius {-Cast Rampage rElec Regen+}
  9739 | Lair:2   | Found a hole to the Spider Nest.
 10084 | Lair:3   | 10084 ||| DROPPING +1 war axe of freezing.
 10088 | Lair:3   | 10088 ||| INVOKING Heroism.
 10131 | Lair:3   | Noticed a death yak
 10133 | Lair:3   | 10133 ||| Stepping ~*~*~tactically~*~*~ (hiding).
 10135 | Lair:3   | 10135 ||| INVOKING Heroism.
 10141 | Lair:3   | Reached skill level 6 in Invocations
 10141 | Lair:3   | Killed a death yak
 10143 | Lair:3   | Received a gift from Okawaru
 10252 | Lair:3   | 10252 ||| INVOKING Heroism.
 10284 | Lair:3   | 10284 ||| Stepping ~*~*~tactically~*~*~ (stealth).
 10285 | Lair:3   | Noticed a six-headed hydra
 10286 | Lair:3   | 10286 ||| Stepping ~*~*~tactically~*~*~ (stealth).
 10287 | Lair:3   | 10287 ||| Stepping ~*~*~tactically~*~*~ (stealth).
 10301 | Lair:3   | 10301 ||| INVOKING Heroism.
 10306 | Lair:3   | 10306 ||| SWAPPING to +4 morningstar.
 10309 | Lair:3   | Killed a six-headed hydra
 10310 | Lair:3   | 10310 ||| SWAPPING to +0 spectral war axe.
 10315 | Lair:3   | Noticed an eight-headed hydra
 10316 | Lair:3   | 10316 ||| Stepping ~*~*~tactically~*~*~ (stealth).
 10323 | Lair:3   | 10323 ||| Stepping ~*~*~tactically~*~*~ (stealth).
 10326 | Lair:3   | 10326 ||| Stepping ~*~*~tactically~*~*~ (stealth).
 10329 | Lair:3   | 10329 ||| Stepping ~*~*~tactically~*~*~ (stealth).
 10338 | Lair:3   | 10338 ||| INVOKING Heroism.
 10342 | Lair:3   | 10342 ||| SWAPPING to +4 morningstar.
 10347 | Lair:3   | Killed an eight-headed hydra
 10348 | Lair:3   | 10348 ||| SWAPPING to +0 spectral war axe.
 10410 | Lair:3   | Noticed a four-headed hydra
 10411 | Lair:3   | 10411 ||| Stepping ~*~*~tactically~*~*~ (stealth).
 10412 | Lair:3   | 10412 ||| Stepping ~*~*~tactically~*~*~ (stealth).
 10413 | Lair:3   | 10413 ||| Stepping ~*~*~tactically~*~*~ (stealth).
 10414 | Lair:3   | 10414 ||| INVOKING Heroism.
 10420 | Lair:3   | 10420 ||| SWAPPING to +4 morningstar.
 10422 | Lair:3   | Killed a four-headed hydra
 10423 | Lair:3   | 10423 ||| SWAPPING to +0 spectral war axe.
 10519 | Lair:3   | 10519 ||| Stepping ~*~*~tactically~*~*~ (stealth).
 10523 | Lair:3   | 10523 ||| Stepping ~*~*~tactically~*~*~ (stealth).
 10524 | Lair:3   | 10524 ||| Stepping ~*~*~tactically~*~*~ (stealth).
 10548 | Lair:3   | Identified the ring of Qarosor {rF++ rN+ Str+3}
 10572 | Lair:3   | Noticed a six-headed hydra
 10573 | Lair:3   | 10573 ||| INVOKING Heroism.
 10574 | Lair:3   | 10574 ||| SWAPPING to +4 morningstar.
 10578 | Lair:3   | Killed a six-headed hydra
 10579 | Lair:3   | 10579 ||| SWAPPING to +0 spectral war axe.
 10584 | Lair:3   | Received a gift from Okawaru
 10585 | Lair:3   | Reached XP level 13. HP: 70/82 MP: 17/19
 10603 | Lair:3   | 10603 ||| INVOKING Heroism.
 10604 | Lair:3   | 10604 ||| SWAPPING to +4 morningstar.
 10609 | Lair:3   | 10609 ||| SWAPPING to +0 spectral war axe.
 10699 | Lair:3   | 10699 ||| FLEEEEING.
 10700 | Lair:3   | 10700 ||| FLEEEEING.
 10701 | Lair:3   | 10701 ||| FLEEEEING.
 10702 | Lair:3   | 10702 ||| FLEEEEING.
 10703 | Lair:3   | 10703 ||| FLEEEEING.
 10704 | Lair:3   | 10704 ||| FLEEEEING.
 10705 | Lair:3   | 10705 ||| FLEEEEING.
 10706 | Lair:3   | 10706 ||| FLEEEEING.
 10707 | Lair:3   | 10707 ||| STAIRDANCE
 10709 | Lair:2   | 10709 ||| UPGRADING to +1 helmet.
 10714 | Lair:2   | 10714 ||| DROPPING orb of energy.
 10715 | Lair:2   | 10715 ||| UPGRADING to ring of Qarosor {rF++ rN+ Str+3}.
 10719 | Lair:3   | 10719 ||| STAIRDANCE
 10721 | Lair:2   | 10721 ||| INVOKING Heroism.
 10725 | Lair:2   | Reached skill level 9 in Invocations
 10947 | Lair:4   | Reached ***** piety under Okawaru
 10952 | Lair:4   | 10952 ||| FLEEEEING.
 10953 | Lair:4   | 10953 ||| INVOKING Heroism.
 10994 | Lair:4   | 10994 ||| INVOKING Heroism.
 10995 | Lair:4   | Reached skill level 3 in Throwing
 11047 | Lair:4   | 11047 ||| INVOKING Heroism.
 11147 | Lair:4   | 11147 ||| Stepping ~*~*~tactically~*~*~ (stealth).
 11230 | Lair:4   | 11230 ||| INVOKING Heroism.
 11231 | Lair:4   | 11231 ||| INVOKING Finesse.
 11276 | Lair:4   | Received a gift from Okawaru
 11301 | Lair:4   | 11301 ||| DROPPING +4 morningstar.
 11355 | Lair:4   | 11355 ||| INVOKING Heroism.
 11474 | Lair:4   | 11474 ||| INVOKING Heroism.
 11475 | Lair:4   | 11475 ||| INVOKING Finesse.
 11480 | Lair:4   | 11480 ||| SWAPPING to +2 eveningstar of protection.
 11484 | Lair:4   | 11484 ||| SWAPPING to +0 spectral war axe.
 11696 | Lair:4   | 11696 ||| Stepping ~*~*~tactically~*~*~ (water).
 11717 | Lair:4   | 11717 ||| Stepping ~*~*~tactically~*~*~ (stealth).
 11720 | Lair:4   | 11720 ||| Stepping ~*~*~tactically~*~*~ (stealth).
 11721 | Lair:4   | 11721 ||| Stepping ~*~*~tactically~*~*~ (stealth).
 11722 | Lair:4   | 11722 ||| Stepping ~*~*~tactically~*~*~ (stealth).
 11724 | Lair:4   | 11724 ||| Stepping ~*~*~tactically~*~*~ (stealth).
 11781 | Lair:4   | Found a viscous altar of Jiyva.
 11781 | Lair:4   | Found a staircase to the Slime Pits.
 11826 | Lair:4   | Reached skill level 11 in Fighting
 11830 | Lair:4   | 11830 ||| INVOKING Heroism.
 12103 | Lair:4   | 12103 ||| DROPPING +1 helmet.
 12104 | Lair:4   | 12104 ||| READING 8 scrolls of identify.
 12104 | Lair:4   | 12104 ||| IDENTIFYING metallic clear potion
 12105 | Lair:4   | 12105 ||| READING 7 scrolls of identify.
 12105 | Lair:4   | 12105 ||| IDENTIFYING silvery potion
 12112 | Lair:5   | Entered Level 5 of the Lair of Beasts
 12113 | Lair:5   | 12113 ||| INVOKING Heroism.
 12120 | Lair:5   | 12120 ||| STAIRDANCE
 12129 | Lair:5   | 12129 ||| STAIRDANCE
 12136 | Lair:5   | 12136 ||| STAIRDANCE
 12140 | Lair:5   | 12140 ||| STAIRDANCE
 12147 | Lair:5   | 12147 ||| STAIRDANCE
 12151 | Lair:5   | 12151 ||| STAIRDANCE
 12155 | Lair:5   | 12155 ||| STAIRDANCE
 12159 | Lair:5   | 12159 ||| STAIRDANCE
 12176 | Lair:5   | 12176 ||| STAIRDANCE
 12181 | Lair:5   | 12181 ||| STAIRDANCE
 12185 | Lair:4   | Reached skill level 6 in Throwing
 12195 | Lair:5   | 12195 ||| FLEEEEING.
 12196 | Lair:5   | 12196 ||| FLEEEEING.
 12197 | Lair:5   | 12197 ||| FLEEEEING.
 12198 | Lair:5   | 12198 ||| INVOKING Heroism.
 12203 | Lair:5   | Gained mutation: Your large and strong wings let you fly.
                  | [Gargoyle growth]
 12203 | Lair:5   | Reached XP level 14. HP: 90/90 MP: 18/21
 12214 | Lair:5   | 12214 ||| INVOKING Finesse.
 12223 | Lair:5   | 12223 ||| SWAPPING to +2 eveningstar of protection.
 12226 | Lair:5   | 12226 ||| SWAPPING to +0 spectral war axe.
 12262 | Lair:5   | 12262 ||| INVOKING Heroism.
 12265 | Lair:5   | Reached skill level 15 in Axes
 12418 | Lair:5   | 12418 ||| Stepping ~*~*~tactically~*~*~ (stealth).
 12420 | Lair:5   | 12420 ||| Stepping ~*~*~tactically~*~*~ (stealth).
 12424 | Lair:5   | 12424 ||| Stepping ~*~*~tactically~*~*~ (stealth).
 12429 | Lair:5   | Received a gift from Okawaru
 12590 | Lair:5   | 12590 ||| INVOKING Heroism.
 13005 | Lair:5   | 13005 ||| INVOKING Heroism.
 13006 | Lair:5   | 13006 ||| INVOKING Finesse.
 13009 | Lair:5   | 13009 ||| Stepping ~*~*~tactically~*~*~ (hiding).
 13041 | Lair:5   | 13041 ||| Stepping ~*~*~tactically~*~*~ (stealth).
 13042 | Lair:5   | 13042 ||| Stepping ~*~*~tactically~*~*~ (stealth).
 13065 | Lair:5   | 13065 ||| INVOKING Heroism.
 13066 | Lair:5   | 13066 ||| INVOKING Finesse.
 13161 | Lair:5   | 13161 ||| INVOKING Heroism.
 13166 | Lair:5   | 13166 ||| SWAPPING to +2 eveningstar of protection.
 13170 | Lair:5   | Reached skill level 12 in Fighting
 13170 | Lair:5   | 13170 ||| SWAPPING to +0 spectral war axe.
 13177 | Lair:5   | 13177 ||| DROPPING +2 eveningstar of protection.
 13179 | Lair:5   | Identified the amulet of Jyic {Regen+ Int+3 Dex+2 Stlth+}
 13187 | Lair:5   | Identified the +5 flail "Feixac" {drain, rC- rN+++ rCorr
                  | Dex+3}
 13264 | Lair:5   | 13264 ||| READING scroll of enchant armour.
 13264 | Lair:5   | 13264 ||| ENCHANTING +1 helmet.
 13339 | Lair:5   | 13339 ||| PLANNING D:1-11
 13339 | Lair:5   | 13339 ||| UPGRADING to amulet of Jyic {Regen+ Int+3 Dex+2
                  | Stlth+}.
 13349 | Lair:5   | 13349 ||| DROPPING amulet of regeneration.
 13442 | D:9      | 13442 ||| Stepping ~*~*~tactically~*~*~ (hiding).
 13454 | D:9      | 13454 ||| Stepping ~*~*~tactically~*~*~ (stealth).
 13456 | D:9      | 13456 ||| Stepping ~*~*~tactically~*~*~ (hiding).
 13462 | D:9      | 13462 ||| Stepping ~*~*~tactically~*~*~ (hiding).
 13476 | D:9      | 13476 ||| Stepping ~*~*~tactically~*~*~ (stealth).
 13478 | D:9      | 13478 ||| Stepping ~*~*~tactically~*~*~ (hiding).
 13479 | D:9      | 13479 ||| Stepping ~*~*~tactically~*~*~ (hiding).
 13606 | D:9      | 13606 ||| READING scroll of enchant armour.
 13606 | D:9      | 13606 ||| ENCHANTING +1 plate armour.
 13692 | D:9      | 13692 ||| Stepping ~*~*~tactically~*~*~ (stealth).
 13695 | D:9      | 13695 ||| Stepping ~*~*~tactically~*~*~ (stealth).
 13703 | D:9      | Received a gift from Okawaru
 13707 | D:9      | 13707 ||| SWAPPING to +2 heavy broad axe.
 13708 | D:9      | 13708 ||| DROPPING +0 spectral war axe.
 13709 | D:9      | 13709 ||| READING scroll of brand weapon.
 13709 | D:9      | 13709 ||| BRANDING +2 heavy broad axe.
 13710 | D:9      | 13710 ||| DROPPING +0 war axe of flaming.
 13940 | D:9      | 13940 ||| Stepping ~*~*~tactically~*~*~ (stealth).
 13970 | D:9      | Found a glowing silver altar of Zin.
 14321 | D:10     | Entered Level 10 of the Dungeon
 14341 | D:10     | Found a staircase to the Orcish Mines.
 14347 | D:10     | 14347 ||| INVOKING Heroism.
 14452 | D:10     | 14452 ||| Stepping ~*~*~tactically~*~*~ (stealth).
 14512 | D:10     | 14512 ||| Stepping ~*~*~tactically~*~*~ (stealth).
 15052 | D:10     | 15052 ||| UPGRADING to +0 tower shield.
 15062 | D:10     | 15062 ||| DROPPING +0 buckler.
 15267 | D:11     | 15267 ||| INVOKING Heroism.
 15372 | D:11     | 15372 ||| Stepping ~*~*~tactically~*~*~ (hiding).
 15513 | D:11     | 15513 ||| Stepping ~*~*~tactically~*~*~ (stealth).
 15926 | D:11     | 15926 ||| PLANNING D
 15926 | D:11     | 15926 ||| DROPPING ring of positive energy.
 15994 | D:12     | Reached skill level 9 in Shields
 16008 | D:12     | Noticed Sonja
 16009 | D:12     | 16009 ||| INVOKING Finesse.
 16022 | Abyss:2  | Noticed a bone dragon
 16022 | Abyss:2  | Cast into level 2 of the Abyss (Sonja)
 16023 | Abyss:2  | 16023 ||| Stepping ~*~*~tactically~*~*~ (stealth).
 16024 | Abyss:2  | 16024 ||| Stepping ~*~*~tactically~*~*~ (hiding).
 16045 | Abyss:2  | Killed a bone dragon
 16045 | Abyss:2  | Identified the +0 ring mail "Zauckui" {rCorr} (Okawaru
                  | gifted it to you on level 2 of the Abyss)
 16045 | Abyss:2  | Received a gift from Okawaru
 16046 | Abyss:2  | Reached XP level 15. HP: 94/96 MP: 20/22
 16148 | Abyss:2  | Noticed a tentacled starspawn
 16149 | Abyss:2  | 16149 ||| Stepping ~*~*~tactically~*~*~ (hiding).
 16167 | Abyss:2  | Killed a tentacled starspawn
 16194 | Abyss:2  | 16194 ||| Stepping ~*~*~tactically~*~*~ (stealth).
 16195 | Abyss:2  | 16195 ||| Stepping ~*~*~tactically~*~*~ (stealth).
 16289 | D:12     | Escaped the Abyss
 16290 | D:12     | 16290 ||| INVOKING Finesse.
 16308 | Abyss:2  | Noticed a tentacled starspawn
 16308 | Abyss:2  | Cast into level 2 of the Abyss (Sonja)
 16314 | Abyss:2  | Killed a tentacled starspawn
 16337 | Abyss:2  | 16337 ||| Stepping ~*~*~tactically~*~*~ (hiding).
 16339 | Abyss:2  | 16339 ||| Stepping ~*~*~tactically~*~*~ (hiding).
 16340 | Abyss:2  | 16340 ||| Stepping ~*~*~tactically~*~*~ (hiding).
 16341 | Abyss:2  | 16341 ||| Stepping ~*~*~tactically~*~*~ (hiding).
 16342 | Abyss:2  | 16342 ||| Stepping ~*~*~tactically~*~*~ (stealth).
 16354 | Abyss:2  | 16354 ||| Stepping ~*~*~tactically~*~*~ (hiding).
 16355 | Abyss:2  | 16355 ||| Stepping ~*~*~tactically~*~*~ (hiding).
 16400 | Abyss:2  | 16400 ||| Stepping ~*~*~tactically~*~*~ (stealth).
 16561 | Abyss:2  | 16561 ||| Stepping ~*~*~tactically~*~*~ (stealth).
 16562 | Abyss:2  | 16562 ||| Stepping ~*~*~tactically~*~*~ (stealth).
 16565 | Abyss:2  | 16565 ||| INVOKING Heroism.
 16574 | Abyss:2  | Reached skill level 12 in Shields
 16578 | Abyss:2  | Noticed a tentacled starspawn
 16579 | Abyss:2  | 16579 ||| Stepping ~*~*~tactically~*~*~ (stealth).
 16590 | Abyss:2  | 16590 ||| Stepping ~*~*~tactically~*~*~ (stealth).
 16604 | Abyss:2  | Killed a tentacled starspawn
 16629 | Abyss:2  | 16629 ||| Stepping ~*~*~tactically~*~*~ (stealth).
 16632 | Abyss:2  | 16632 ||| Stepping ~*~*~tactically~*~*~ (stealth).
 16650 | Abyss:2  | 16650 ||| Stepping ~*~*~tactically~*~*~ (stealth).
 16665 | Abyss:2  | Noticed a lich
 16666 | Abyss:2  | 16666 ||| INVOKING Heroism.
 16685 | Abyss:2  | HP: 17/96 [something/bolt of cold (19)]
 16686 | Abyss:2  | Killed a lich
 16689 | D:12     | Escaped the Abyss
 16690 | D:12     | 16690 ||| READING 9 scrolls of teleportation.
 16694 | D:12     | HP: 18/96 [Sonja/+1 short sword of distortion (13)]
 16695 | D:12     | 16695 ||| READING 8 scrolls of teleportation.
 16695 | D:12     | Killed Sonja
 17313 | D:12     | Received a gift from Okawaru
 17324 | D:12     | 17324 ||| UPGRADING to +2 tower shield of protection.
 17334 | D:12     | 17334 ||| DROPPING +0 tower shield.
 17335 | D:12     | 17335 ||| READING scroll labelled TITYUS VIUTZ.
 17336 | D:12     | 17336 ||| READING scroll labelled UHIH WICYSS.
 17483 | D:13     | 17483 ||| Stepping ~*~*~tactically~*~*~ (stealth).
 17519 | D:13     | Found a sparkling altar of Nemelex Xobeh.
 17625 | D:13     | 17625 ||| Stepping ~*~*~tactically~*~*~ (hiding).
 17739 | D:13     | 17739 ||| Stepping ~*~*~tactically~*~*~ (hiding).
 17893 | D:13     | 17893 ||| Stepping ~*~*~tactically~*~*~ (stealth).
 17894 | D:13     | 17894 ||| Stepping ~*~*~tactically~*~*~ (stealth).
 17900 | D:13     | 17900 ||| INVOKING Heroism.
 18009 | D:13     | 18009 ||| READING scroll of enchant weapon.
 18009 | D:13     | 18009 ||| ENCHANTING +3 broad axe of flaming.
 18309 | D:13     | Identified the ring "Xosi" {rF+ rC+ Will+}
 18311 | D:13     | 18311 ||| UPGRADING to ring "Xosi" {rF+ rC+ Will+}.
 18313 | D:13     | 18313 ||| READING 12 scrolls of identify.
 18313 | D:13     | 18313 ||| IDENTIFYING orange potion
 18314 | D:13     | 18314 ||| DROPPING potion of invisibility.
 18351 | D:14     | Found an ornate altar of the Wu Jian Council.
 18361 | D:14     | 18361 ||| Stepping ~*~*~tactically~*~*~ (hiding).
 18364 | D:14     | 18364 ||| Stepping ~*~*~tactically~*~*~ (hiding).
 18368 | D:14     | 18368 ||| Stepping ~*~*~tactically~*~*~ (hiding).
 18377 | D:14     | Received a gift from Okawaru
 18489 | D:14     | 18489 ||| Stepping ~*~*~tactically~*~*~ (hiding).
 18524 | D:14     | 18524 ||| Stepping ~*~*~tactically~*~*~ (stealth).
 18525 | D:14     | 18525 ||| Stepping ~*~*~tactically~*~*~ (stealth).
 18623 | D:14     | Reached skill level 15 in Shields
 18630 | D:14     | 18630 ||| DROPPING +6 ring of intelligence.
 18640 | D:14     | Found a gate to the Vaults.
 18671 | D:14     | 18671 ||| Stepping ~*~*~tactically~*~*~ (stealth).
 18681 | D:14     | Reached XP level 16. HP: 101/101 MP: 23/23
 18797 | D:14     | Found a portal to a secret trove of treasure.
 18899 | D:14     | 18899 ||| Stepping ~*~*~tactically~*~*~ (stealth).
 18966 | D:14     | 18966 ||| Stepping ~*~*~tactically~*~*~ (stealth).
 19013 | D:15     | Entered Level 15 of the Dungeon
 19046 | D:15     | 19046 ||| INVOKING Heroism.
 19116 | D:15     | Found Kioryboe's Weapon Shoppe.
 19142 | D:15     | Received a gift from Okawaru
 19166 | D:15     | 19166 ||| Stepping ~*~*~tactically~*~*~ (hiding).
 19171 | D:15     | 19171 ||| INVOKING Heroism.
 19178 | D:15     | Identified the +8 broad axe of Asceticism {heavy, rElec
                  | Will+++ rCorr Str-4} (Okawaru gifted it to you on level 15
                  | of the Dungeon)
 19178 | D:15     | Received a gift from Okawaru
 19195 | D:15     | 19195 ||| SWAPPING to +8 broad axe of Asceticism {heavy,
                  | rElec Will+++ rCorr Str-4}.
 19323 | D:15     | 19323 ||| FLEEEEING.
 19327 | D:15     | 19327 ||| INVOKING Heroism.
 19351 | D:15     | 19351 ||| Stepping ~*~*~tactically~*~*~ (hiding).
 19353 | D:15     | 19353 ||| Stepping ~*~*~tactically~*~*~ (hiding).
 19355 | D:15     | 19355 ||| Stepping ~*~*~tactically~*~*~ (hiding).
 19356 | D:15     | 19356 ||| Stepping ~*~*~tactically~*~*~ (hiding).
 19387 | D:15     | 19387 ||| INVOKING Heroism.
 19413 | D:15     | Found a staircase to the Depths.
 19500 | D:15     | 19500 ||| INVOKING Heroism.
 19501 | D:15     | 19501 ||| SWAPPING to +4 broad axe of flaming.
 19505 | D:15     | 19505 ||| SWAPPING to +8 broad axe of Asceticism {heavy,
                  | rElec Will+++ rCorr Str-4}.
 19570 | D:15     | Noticed Rupert
 19571 | D:15     | 19571 ||| INVOKING Heroism.
 19572 | D:15     | 19572 ||| INVOKING Finesse.
 19573 | D:15     | 19573 ||| INVOKING Finesse.
 19583 | D:15     | Received a gift from Okawaru
 19584 | D:15     | Killed Rupert
 19642 | D:15     | 19642 ||| PLANNING ORC
 19642 | D:15     | 19642 ||| UPGRADING to ring of Qarosor {rF++ rN+ Str+3}.
 19804 | Orc:1    | Entered Level 1 of the Orcish Mines
 19838 | Orc:2    | Entered Level 2 of the Orcish Mines
 19845 | Orc:2    | 19845 ||| Stepping ~*~*~tactically~*~*~ (hiding).
 19975 | Orc:1    | 19975 ||| Stepping ~*~*~tactically~*~*~ (stealth).
 19990 | Orc:1    | 19990 ||| Stepping ~*~*~tactically~*~*~ (hiding).
 19991 | Orc:1    | 19991 ||| Stepping ~*~*~tactically~*~*~ (hiding).
 19995 | Orc:1    | 19995 ||| Stepping ~*~*~tactically~*~*~ (hiding).
 20116 | Orc:1    | Found Vimazxir's Antique Armour Shoppe.
 20129 | Orc:1    | 20129 ||| BUYING pair of boots (99 gold).
 20129 | Orc:1    | Bought a pair of boots for 99 gold pieces
 20248 | Orc:1    | 20248 ||| UPGRADING to +0 pair of boots.
 20366 | Orc:1    | 20366 ||| Stepping ~*~*~tactically~*~*~ (stealth).
 20378 | Orc:1    | 20378 ||| Stepping ~*~*~tactically~*~*~ (stealth).
 20379 | Orc:1    | 20379 ||| Stepping ~*~*~tactically~*~*~ (stealth).
 20447 | Orc:1    | 20447 ||| Stepping ~*~*~tactically~*~*~ (stealth).
 20449 | Orc:1    | 20449 ||| Stepping ~*~*~tactically~*~*~ (stealth).
 20451 | Orc:1    | 20451 ||| Stepping ~*~*~tactically~*~*~ (stealth).
 20453 | Orc:1    | 20453 ||| Stepping ~*~*~tactically~*~*~ (hiding).
 20459 | Orc:1    | 20459 ||| INVOKING Heroism.
 20470 | Orc:1    | Received a gift from Okawaru
 20483 | Orc:1    | 20483 ||| Stepping ~*~*~tactically~*~*~ (hiding).
 20679 | Orc:2    | 20679 ||| Stepping ~*~*~tactically~*~*~ (hiding).
 20684 | Orc:2    | 20684 ||| INVOKING Heroism.
 20687 | Orc:2    | 20687 ||| Stepping ~*~*~tactically~*~*~ (hiding).
 20696 | Orc:2    | Reached skill level 12 in Armour
 20700 | Orc:2    | 20700 ||| Stepping ~*~*~tactically~*~*~ (hiding).
 20703 | Orc:2    | Found Lyff's Weapon Boutique.
 20731 | Orc:2    | 20731 ||| INVOKING Heroism.
 20765 | Orc:2    | Found Guralis's Distillery.
 20772 | Orc:2    | 20772 ||| BUYING 2 potions of haste (320 gold).
 20772 | Orc:2    | Bought 2 potions of haste for 320 gold pieces
 20772 | Orc:2    | 20772 ||| BUYING potion of attraction (48 gold).
 20772 | Orc:2    | Bought a potion of attraction for 48 gold pieces
 20772 | Orc:2    | 20772 ||| BUYING potion of heal wounds (80 gold).
 20772 | Orc:2    | Bought a potion of heal wounds for 80 gold pieces
 20772 | Orc:2    | 20772 ||| BUYING potion of mutation (128 gold).
 20772 | Orc:2    | Bought a potion of mutation for 128 gold pieces
 20772 | Orc:2    | 20772 ||| BUYING potion of mutation (128 gold).
 20772 | Orc:2    | Bought a potion of mutation for 128 gold pieces
 20772 | Orc:2    | Found Foled's Magic Scroll Emporium.
 20774 | Orc:2    | Found Oqaqi Qyo's Jewellery Boutique.
 20780 | Orc:2    | 20780 ||| BUYING 3 scrolls of enchant weapon (337 gold).
 20780 | Orc:2    | Bought 3 scrolls of enchant weapon for 337 gold pieces
 20780 | Orc:2    | 20780 ||| BUYING scroll of acquirement (780 gold).
 20780 | Orc:2    | Bought a scroll of acquirement for 780 gold pieces
 20780 | Orc:2    | 20780 ||| BUYING scroll of teleportation (45 gold).
 20780 | Orc:2    | Bought a scroll of teleportation for 45 gold pieces
 20780 | Orc:2    | 20780 ||| BUYING scroll of teleportation (45 gold).
 20780 | Orc:2    | Bought a scroll of teleportation for 45 gold pieces
 20780 | Orc:2    | 20780 ||| READING scroll of acquirement.
 20780 | Orc:2    | 20780 ||| ACQUIRING -1 pair of boots of the Gnashing Gods
                  | {rN+ Regen+ rCorr Str+2}
 20780 | Orc:2    | Acquired the -1 pair of boots of the Gnashing Gods {rN+
                  | Regen+ rCorr Str+2}
 20782 | Orc:2    | 20782 ||| UPGRADING to -1 pair of boots of the Gnashing
                  | Gods {rN+ Regen+ rCorr Str+2}.
 20792 | Orc:2    | 20792 ||| DROPPING +0 pair of boots.
 20796 | Orc:2    | 20796 ||| BUYING +6 ring of strength (576 gold).
 20796 | Orc:2    | Bought a +6 ring of strength for 576 gold pieces
 20796 | Orc:2    | 20796 ||| SHOPLISTING amulet "Nets" {Faith +Inv rC+ Str+2}
                  | (1043 gold, have 162).
 20796 | Orc:2    | 20796 ||| SHOPLISTING amulet of faith (640 gold, have 162).
 20796 | Orc:2    | 20796 ||| SHOPLISTING ring "Wuly" {rElec rPois rCorr Str+2
                  | Int+2} (745 gold, have 162).
 20830 | Orc:2    | 20830 ||| Stepping ~*~*~tactically~*~*~ (hiding).
 20832 | Orc:2    | 20832 ||| Stepping ~*~*~tactically~*~*~ (hiding).
 20833 | Orc:2    | 20833 ||| Stepping ~*~*~tactically~*~*~ (hiding).
 20915 | Orc:2    | 20915 ||| Stepping ~*~*~tactically~*~*~ (stealth).
 20919 | Orc:2    | 20919 ||| Stepping ~*~*~tactically~*~*~ (hiding).
 20923 | Orc:2    | 20923 ||| Stepping ~*~*~tactically~*~*~ (hiding).
 20924 | Orc:2    | 20924 ||| Stepping ~*~*~tactically~*~*~ (hiding).
 20925 | Orc:2    | 20925 ||| Stepping ~*~*~tactically~*~*~ (hiding).
 20928 | Orc:2    | 20928 ||| Stepping ~*~*~tactically~*~*~ (stealth).
 21003 | Orc:2    | Found a staircase to the Elven Halls.
 21279 | Orc:2    | 21279 ||| PLANNING SHOALS:1-3
 21385 | Shoals:1 | Entered Level 1 of the Shoals
 21777 | Shoals:1 | Reached XP level 17. HP: 106/106 MP: 24/24
 21808 | Shoals:1 | 21808 ||| Stepping ~*~*~tactically~*~*~ (hiding).
 21825 | Shoals:1 | Identified the +1 robe "Mibam" {Will+ Str+5} (Okawaru
                  | gifted it to you on level 1 of the Shoals)
 21825 | Shoals:1 | Received a gift from Okawaru
 21859 | Shoals:1 | 21859 ||| Stepping ~*~*~tactically~*~*~ (hiding).
 21897 | Shoals:1 | 21897 ||| INVOKING Heroism.
 22194 | Shoals:2 | 22194 ||| INVOKING Heroism.
 22296 | Shoals:2 | 22296 ||| INVOKING Heroism.
 22363 | Shoals:2 | 22363 ||| INVOKING Heroism.
 22815 | Shoals:3 | 22815 ||| INVOKING Heroism.
 22816 | Shoals:3 | 22816 ||| INVOKING Finesse.
 22868 | Shoals:3 | 22868 ||| INVOKING Heroism.
 22886 | Shoals:3 | 22886 ||| Stepping ~*~*~tactically~*~*~ (hiding).
 23012 | Shoals:3 | Reached skill level 13 in Fighting
 23030 | Shoals:3 | Found Posud's Antique Armour Emporium.
 23038 | Shoals:3 | 23038 ||| BUYING brightly glowing chain mail (266 gold).
 23038 | Shoals:3 | Bought a brightly glowing chain mail for 266 gold pieces
 23038 | Shoals:3 | Identified the +0 chain mail of Valiance {rElec rF+ Will+}
                  | (You bought it in a shop on level 3 of the Shoals)
 23038 | Shoals:3 | 23038 ||| SHOPLISTING fire dragon scales (1680 gold, have
                  | 259).
 23076 | Shoals:3 | 23076 ||| INVOKING Heroism.
 23123 | Shoals:3 | Noticed a kraken
 23128 | Shoals:3 | Killed a kraken
 23176 | Shoals:3 | Found Adghadgh's Distillery.
 23191 | Shoals:3 | 23191 ||| BUYING 2 potions of curing (102 gold).
 23191 | Shoals:3 | Bought 2 potions of curing for 102 gold pieces
 23191 | Shoals:3 | 23191 ||| BUYING potion of attraction (51 gold).
 23191 | Shoals:3 | Bought a potion of attraction for 51 gold pieces
 23191 | Shoals:3 | 23191 ||| BUYING potion of curing (51 gold).
 23191 | Shoals:3 | Bought a potion of curing for 51 gold pieces
 23191 | Shoals:3 | 23191 ||| SHOPLISTING potion of heal wounds (85 gold, have
                  | 68).
 23191 | Shoals:3 | 23191 ||| SHOPLISTING potion of magic (136 gold, have 68).
 23191 | Shoals:3 | 23191 ||| SHOPLISTING potion of mutation (136 gold, have
                  | 68).
 23200 | Shoals:3 | Found Zeiho Niz's Jewellery Boutique.
 23208 | Shoals:3 | 23208 ||| INVOKING Heroism.
 23239 | Shoals:3 | Found Rude Ysma's Antique Armour Shoppe.
 23240 | Shoals:3 | 23240 ||| SHOPLISTING +4 ring of protection (396 gold, have
                  | 91).
 23240 | Shoals:3 | 23240 ||| SHOPLISTING +5 ring of evasion (396 gold, have
                  | 91).
 23240 | Shoals:3 | 23240 ||| SHOPLISTING ring "Siojet" {+Blink rPois rC+ Str+3
                  | Dex-2} (474 gold, have 91).
 23240 | Shoals:3 | 23240 ||| SHOPLISTING ring of Vaet {Fire Dex+5} (467 gold,
                  | have 91).
 23240 | Shoals:3 | 23240 ||| SHOPLISTING ring of resist corrosion (220 gold,
                  | have 91).
 23247 | Shoals:3 | 23247 ||| SHOPLISTING pair of runed boots (165 gold, have
                  | 91).
 23248 | Shoals:3 | 23248 ||| INVOKING Heroism.
 23281 | Shoals:3 | Noticed a kraken
 23292 | Shoals:3 | Killed a kraken
 23296 | Shoals:3 | 23296 ||| Stepping ~*~*~tactically~*~*~ (stealth).
 23535 | Shoals:3 | 23535 ||| INVOKING Heroism.
 23583 | Shoals:3 | 23583 ||| Stepping ~*~*~tactically~*~*~ (hiding).
 23586 | Shoals:3 | 23586 ||| Stepping ~*~*~tactically~*~*~ (hiding).
 23587 | Shoals:3 | 23587 ||| Stepping ~*~*~tactically~*~*~ (hiding).
 23694 | Shoals:3 | 23694 ||| PLANNING SPIDER:1-3
 23801 | Spider:1 | Entered Level 1 of the Spider Nest
 23898 | Spider:1 | 23898 ||| Stepping ~*~*~tactically~*~*~ (hiding).
 23930 | Spider:1 | 23930 ||| READING scroll of acquirement.
 23930 | Spider:1 | 23930 ||| ACQUIRING ring "Ufrelika" {rCorr Slay+3}
 23930 | Spider:1 | Acquired the ring "Ufrelika" {rCorr Slay+3}
 24030 | Spider:1 | 24030 ||| Stepping ~*~*~tactically~*~*~ (stealth).
 24036 | Spider:1 | 24036 ||| Stepping ~*~*~tactically~*~*~ (stealth).
 24037 | Spider:1 | 24037 ||| Stepping ~*~*~tactically~*~*~ (stealth).
 24039 | Spider:1 | 24039 ||| Stepping ~*~*~tactically~*~*~ (hiding).
 24056 | Spider:1 | Received a gift from Okawaru
 24123 | Spider:1 | Noticed Jorgrun
 24138 | Spider:1 | Killed Jorgrun
 24238 | Spider:1 | 24238 ||| Stepping ~*~*~tactically~*~*~ (stealth).
 24240 | Spider:1 | 24240 ||| Stepping ~*~*~tactically~*~*~ (hiding).
 24485 | Spider:1 | 24485 ||| Stepping ~*~*~tactically~*~*~ (hiding).
 24487 | Spider:1 | 24487 ||| Stepping ~*~*~tactically~*~*~ (hiding).
 25056 | Spider:2 | 25056 ||| Stepping ~*~*~tactically~*~*~ (stealth).
 25058 | Spider:2 | 25058 ||| Stepping ~*~*~tactically~*~*~ (stealth).
 25061 | Spider:2 | 25061 ||| INVOKING Heroism.
 25071 | Spider:2 | 25071 ||| Stepping ~*~*~tactically~*~*~ (stealth).
 25075 | Spider:2 | 25075 ||| DROPPING +4 chain mail.
 25076 | Spider:2 | 25076 ||| DROPPING amulet of the acrobat.
 25104 | Spider:2 | Received a gift from Okawaru
 25180 | Spider:2 | Reached skill level 18 in Axes
 25198 | Spider:2 | 25198 ||| INVOKING Finesse.
 25201 | Spider:2 | Noticed Donald
 25202 | Spider:2 | 25202 ||| INVOKING Heroism.
 25213 | Spider:2 | Killed Donald
 25265 | Spider:2 | 25265 ||| Stepping ~*~*~tactically~*~*~ (hiding).
 25648 | Spider:2 | 25648 ||| DROPPING +1 pair of gloves.
 25649 | Spider:2 | 25649 ||| DROPPING ring of magical power.
 25712 | Spider:3 | Reached XP level 18. HP: 114/114 MP: 0/25
 25712 | Spider:3 | 25712 ||| DROPPING +4 broad axe of flaming.
 25849 | Spider:3 | 25849 ||| Stepping ~*~*~tactically~*~*~ (hiding).
 25857 | Spider:3 | 25857 ||| INVOKING Finesse.
 25911 | Spider:3 | 25911 ||| Stepping ~*~*~tactically~*~*~ (hiding).
 25912 | Spider:3 | 25912 ||| Stepping ~*~*~tactically~*~*~ (hiding).
 25914 | Spider:3 | 25914 ||| Stepping ~*~*~tactically~*~*~ (hiding).
 26064 | Spider:3 | 26064 ||| INVOKING Heroism.
 26215 | Spider:3 | 26215 ||| INVOKING Heroism.
 26539 | Spider:3 | 26539 ||| Stepping ~*~*~tactically~*~*~ (hiding).
 26541 | Spider:3 | 26541 ||| Stepping ~*~*~tactically~*~*~ (hiding).
 26543 | Spider:3 | 26543 ||| Stepping ~*~*~tactically~*~*~ (stealth).
 26545 | Spider:3 | 26545 ||| Stepping ~*~*~tactically~*~*~ (stealth).
 26568 | Spider:3 | 26568 ||| Stepping ~*~*~tactically~*~*~ (stealth).
 26586 | Spider:3 | 26586 ||| Stepping ~*~*~tactically~*~*~ (stealth).
 26809 | Spider:3 | Received a gift from Okawaru
 26931 | Spider:3 | 26931 ||| Stepping ~*~*~tactically~*~*~ (stealth).
 26989 | Spider:3 | 26989 ||| INVOKING Heroism.
 27280 | Spider:3 | 27280 ||| PLANNING SHOALS:4
 27458 | Shoals:4 | Entered Level 4 of the Shoals
 27459 | Shoals:4 | 27459 ||| INVOKING Heroism.
 27476 | Shoals:4 | Reached skill level 14 in Fighting
 27524 | Shoals:4 | Reached skill level 18 in Shields
 27549 | Shoals:4 | Identified the +2 broad axe of Yzath {spect, rCorr Int+6}
                  | (Okawaru gifted it to you on level 4 of the Shoals)
 27549 | Shoals:4 | Received a gift from Okawaru
 27550 | Shoals:4 | 27550 ||| Stepping ~*~*~tactically~*~*~ (hiding).
 27592 | Shoals:4 | 27592 ||| Stepping ~*~*~tactically~*~*~ (hiding).
 27666 | Shoals:4 | 27666 ||| Stepping ~*~*~tactically~*~*~ (hiding).
 27667 | Shoals:4 | 27667 ||| Stepping ~*~*~tactically~*~*~ (hiding).
 27760 | Shoals:4 | 27760 ||| INVOKING Heroism.
 27760 | Shoals:4 | Noticed Ilsuiw
 27761 | Shoals:4 | 27761 ||| INVOKING Finesse.
 27783 | Shoals:4 | HP: 22/116 [wind drake/the air (13)]
 27784 | Shoals:4 | 27784 ||| READING 16 scrolls of teleportation.
 27785 | Shoals:4 | 27785 ||| DRINKING 11 potions of heal wounds.
 27796 | Shoals:4 | 27796 ||| Stepping ~*~*~tactically~*~*~ (hiding).
 27810 | Shoals:4 | 27810 ||| INVOKING Heroism.
 27876 | Shoals:4 | 27876 ||| INVOKING Heroism.
 27879 | Shoals:4 | Received a gift from Okawaru
 27919 | Shoals:4 | 27919 ||| INVOKING Heroism.
 27928 | Shoals:4 | Reached skill level 15 in Fighting
 28022 | Shoals:4 | 28022 ||| Stepping ~*~*~tactically~*~*~ (stealth).
 28024 | Shoals:4 | 28024 ||| Stepping ~*~*~tactically~*~*~ (hiding).
 28026 | Shoals:4 | 28026 ||| INVOKING Heroism.
 28049 | Shoals:4 | Got a barnacled rune of Zot
 28075 | Shoals:4 | Received a gift from Okawaru
 28095 | Shoals:4 | 28095 ||| Stepping ~*~*~tactically~*~*~ (hiding).
 28098 | Shoals:4 | 28098 ||| INVOKING Heroism.
 28111 | Shoals:4 | 28111 ||| Stepping ~*~*~tactically~*~*~ (stealth).
 28133 | Shoals:4 | 28133 ||| INVOKING Heroism.
 28207 | Shoals:4 | 28207 ||| INVOKING Heroism.
 28212 | Shoals:4 | Killed Ilsuiw
 28427 | Shoals:4 | 28427 ||| INVOKING Heroism.
 28473 | Shoals:4 | 28473 ||| INVOKING Heroism.
 28504 | Shoals:4 | 28504 ||| Stepping ~*~*~tactically~*~*~ (hiding).
 28573 | Shoals:4 | Identified the amulet of Joeteb {Rampage Regen+}
 28574 | Shoals:4 | 28574 ||| Stepping ~*~*~tactically~*~*~ (stealth).
 28626 | Shoals:4 | 28626 ||| INVOKING Heroism.
 28747 | Shoals:4 | 28747 ||| PLANNING VAULTS:1-4
 29063 | Vaults:1 | Entered Level 1 of the Vaults
 29078 | Vaults:1 | 29078 ||| INVOKING Heroism.
 29086 | Vaults:1 | 29086 ||| Stepping ~*~*~tactically~*~*~ (hiding).
 29087 | Vaults:1 | 29087 ||| Stepping ~*~*~tactically~*~*~ (hiding).
 29198 | Vaults:1 | 29198 ||| Stepping ~*~*~tactically~*~*~ (hiding).
 29208 | Vaults:1 | Reached XP level 19. HP: 122/124 MP: 26/26
 29209 | Vaults:1 | 29209 ||| Stepping ~*~*~tactically~*~*~ (stealth).
 29230 | Vaults:1 | 29230 ||| INVOKING Heroism.
 29237 | Vaults:1 | Received a gift from Okawaru
 29257 | Vaults:1 | 29257 ||| Stepping ~*~*~tactically~*~*~ (hiding).
 29263 | Vaults:1 | 29263 ||| Stepping ~*~*~tactically~*~*~ (hiding).
 29271 | Vaults:1 | Reached skill level 15 in Armour
 29285 | Vaults:1 | 29285 ||| FLEEEEING.
 29286 | Vaults:1 | 29286 ||| FLEEEEING.
 29287 | Vaults:1 | 29287 ||| FLEEEEING.
 29289 | Vaults:1 | 29289 ||| Stepping ~*~*~tactically~*~*~ (hiding).
 29294 | Vaults:1 | 29294 ||| Stepping ~*~*~tactically~*~*~ (hiding).
 29298 | Vaults:1 | 29298 ||| INVOKING Heroism.
 29408 | Vaults:1 | 29408 ||| INVOKING Heroism.
 29413 | Vaults:1 | Identified the ring "Geguz" {Fire rElec Str-5 Int+2 Dex+3}
 29422 | Vaults:1 | Received a gift from Okawaru
 29484 | Vaults:1 | 29484 ||| INVOKING Heroism.
 29633 | Vaults:1 | 29633 ||| INVOKING Heroism.
 29672 | Vaults:1 | Reached skill level 9 in Throwing
 29673 | Vaults:1 | 29673 ||| INVOKING Heroism.
 29687 | Vaults:1 | 29687 ||| INVOKING Heroism.
 29691 | Vaults:1 | HP: 23/124 [orc warlord/+0 halberd (19)]
 29692 | Vaults:1 | 29692 ||| READING 15 scrolls of teleportation.
 29693 | Vaults:1 | 29693 ||| DRINKING 12 potions of heal wounds.
 29731 | Vaults:1 | Received a gift from Okawaru
 29736 | Vaults:1 | Reached skill level 16 in Fighting
 29754 | Vaults:1 | 29754 ||| Stepping ~*~*~tactically~*~*~ (stealth).
 29759 | Vaults:1 | 29759 ||| INVOKING Heroism.
 29809 | Vaults:1 | 29809 ||| Stepping ~*~*~tactically~*~*~ (stealth).
 29811 | Vaults:1 | 29811 ||| Stepping ~*~*~tactically~*~*~ (stealth).
 29815 | Vaults:1 | Received a gift from Okawaru
 29818 | Vaults:1 | 29818 ||| Stepping ~*~*~tactically~*~*~ (stealth).
 29820 | Vaults:1 | 29820 ||| Stepping ~*~*~tactically~*~*~ (hiding).
 29821 | Vaults:1 | 29821 ||| Stepping ~*~*~tactically~*~*~ (hiding).
 29822 | Vaults:1 | 29822 ||| Stepping ~*~*~tactically~*~*~ (hiding).
 29832 | Vaults:1 | 29832 ||| INVOKING Heroism.
 29834 | Vaults:1 | Noticed Asterion
 29841 | Vaults:1 | HP: 22/125 [Asterion/+2 spectral demon trident (15)]
 29842 | Vaults:1 | 29842 ||| READING 14 scrolls of teleportation.
 29843 | Vaults:1 | 29843 ||| DRINKING 11 potions of heal wounds.
 29894 | Vaults:1 | 29894 ||| INVOKING Heroism.
 29900 | Vaults:1 | Reached skill level 6 in Dodging
 29930 | Vaults:1 | Received a gift from Okawaru
 29934 | Vaults:1 | 29934 ||| Stepping ~*~*~tactically~*~*~ (stealth).
 30009 | Vaults:1 | 30009 ||| INVOKING Heroism.
 30014 | Vaults:1 | Killed Asterion
 30037 | Vaults:1 | 30037 ||| Stepping ~*~*~tactically~*~*~ (hiding).
 30040 | Vaults:1 | 30040 ||| Stepping ~*~*~tactically~*~*~ (hiding).
 30043 | Vaults:1 | 30043 ||| INVOKING Heroism.
 30136 | Vaults:1 | Found a runed translucent gate.
 30136 | Vaults:1 | Found a runed translucent gate.
 30136 | Vaults:1 | Found a runed translucent gate.
 30159 | Vaults:1 | Noticed qw's ghost (adept GrFi)
 30189 | Vaults:1 | 30189 ||| Stepping ~*~*~tactically~*~*~ (hiding).
 30191 | Vaults:1 | 30191 ||| Stepping ~*~*~tactically~*~*~ (hiding).
 30544 | Vaults:1 | 30544 ||| DROPPING +0 chain mail of Valiance {rElec rF+
                  | Will+}.
 30545 | Vaults:1 | 30545 ||| DROPPING +1 cloak.
 30595 | Vaults:2 | 30595 ||| INVOKING Heroism.
 30603 | Vaults:2 | Reached XP level 20. HP: 92/131 MP: 25/27
 30690 | Vaults:2 | 30690 ||| Stepping ~*~*~tactically~*~*~ (hiding).
 30911 | Vaults:2 | 30911 ||| Stepping ~*~*~tactically~*~*~ (hiding).
 30915 | Vaults:2 | 30915 ||| Stepping ~*~*~tactically~*~*~ (hiding).
 30933 | Vaults:2 | Received a gift from Okawaru
 30952 | Vaults:2 | 30952 ||| INVOKING Heroism.
 30990 | Vaults:2 | Reached skill level 17 in Fighting
 31145 | Vaults:2 | 31145 ||| Stepping ~*~*~tactically~*~*~ (hiding).
 31146 | Vaults:2 | 31146 ||| Stepping ~*~*~tactically~*~*~ (hiding).
 31334 | Vaults:2 | 31334 ||| Stepping ~*~*~tactically~*~*~ (hiding).
 31342 | Vaults:2 | Received a gift from Okawaru
 31359 | Vaults:2 | Found a staircase to the Crypt.
 31620 | Vaults:2 | 31620 ||| Stepping ~*~*~tactically~*~*~ (hiding).
 31733 | Vaults:2 | 31733 ||| INVOKING Heroism.
 31734 | Vaults:2 | 31734 ||| INVOKING Finesse.
 31849 | Vaults:2 | Received a gift from Okawaru
 31942 | Vaults:2 | 31942 ||| Stepping ~*~*~tactically~*~*~ (hiding).
 32069 | Vaults:2 | 32069 ||| DROPPING +2 pair of boots.
 32148 | Vaults:3 | 32148 ||| Stepping ~*~*~tactically~*~*~ (hiding).
 32156 | Vaults:3 | 32156 ||| INVOKING Heroism.
 32267 | Vaults:3 | 32267 ||| Stepping ~*~*~tactically~*~*~ (hiding).
 32268 | Vaults:3 | 32268 ||| Stepping ~*~*~tactically~*~*~ (hiding).
 32276 | Vaults:3 | 32276 ||| Stepping ~*~*~tactically~*~*~ (hiding).
 32285 | Vaults:3 | 32285 ||| Stepping ~*~*~tactically~*~*~ (hiding).
 32342 | Vaults:3 | 32342 ||| Stepping ~*~*~tactically~*~*~ (hiding).
 32711 | Vaults:3 | 32711 ||| INVOKING Heroism.
 32728 | Vaults:3 | Received a gift from Okawaru
 32932 | Vaults:3 | Found Luydai Leyx's Magic Scroll Shop.
 32935 | Vaults:3 | 32935 ||| BUYING scroll of enchant armour (120 gold).
 32935 | Vaults:3 | Bought a scroll of enchant armour for 120 gold pieces
 32935 | Vaults:3 | 32935 ||| BUYING scroll of teleportation (48 gold).
 32935 | Vaults:3 | Bought a scroll of teleportation for 48 gold pieces
 32935 | Vaults:3 | 32935 ||| BUYING scroll of teleportation (48 gold).
 32935 | Vaults:3 | Bought a scroll of teleportation for 48 gold pieces
 32935 | Vaults:3 | 32935 ||| BUYING scroll of teleportation (48 gold).
 32935 | Vaults:3 | Bought a scroll of teleportation for 48 gold pieces
 32935 | Vaults:3 | 32935 ||| READING scroll of enchant armour.
 32935 | Vaults:3 | 32935 ||| ENCHANTING +2 plate armour.
 32986 | Vaults:3 | 32986 ||| INVOKING Heroism.
 33145 | Vaults:3 | 33145 ||| Stepping ~*~*~tactically~*~*~ (hiding).
 33146 | Vaults:3 | 33146 ||| Stepping ~*~*~tactically~*~*~ (hiding).
 33178 | Vaults:3 | Found a large runed translucent door.
 33178 | Vaults:3 | Found a large runed translucent door.
 33180 | Vaults:3 | Noticed Zotwa's ghost (adept GnSk)
 33207 | Vaults:3 | 33207 ||| Stepping ~*~*~tactically~*~*~ (stealth).
 33485 | Vaults:3 | 33485 ||| Stepping ~*~*~tactically~*~*~ (stealth).
 33487 | Vaults:3 | 33487 ||| Stepping ~*~*~tactically~*~*~ (hiding).
 33490 | Vaults:3 | 33490 ||| Stepping ~*~*~tactically~*~*~ (hiding).
 33493 | Vaults:3 | 33493 ||| Stepping ~*~*~tactically~*~*~ (hiding).
 33672 | Vaults:4 | Reached skill level 18 in Fighting
 33739 | Vaults:4 | Identified the +2 chain mail of Birdsong {Int+5} (Okawaru
                  | gifted it to you on level 4 of the Vaults)
 33739 | Vaults:4 | Received a gift from Okawaru
 33752 | Vaults:4 | Reached XP level 21. HP: 136/141 MP: 28/28
 33791 | Vaults:4 | 33791 ||| Stepping ~*~*~tactically~*~*~ (hiding).
 33792 | Vaults:4 | 33792 ||| Stepping ~*~*~tactically~*~*~ (hiding).
 33793 | Vaults:4 | 33793 ||| Stepping ~*~*~tactically~*~*~ (hiding).
 34100 | Vaults:4 | 34100 ||| Stepping ~*~*~tactically~*~*~ (hiding).
 34102 | Vaults:4 | 34102 ||| Stepping ~*~*~tactically~*~*~ (hiding).
 34103 | Vaults:4 | 34103 ||| Stepping ~*~*~tactically~*~*~ (hiding).
 34216 | Vaults:4 | 34216 ||| Stepping ~*~*~tactically~*~*~ (hiding).
 34221 | Vaults:4 | 34221 ||| INVOKING Heroism.
 34287 | Vaults:4 | 34287 ||| Stepping ~*~*~tactically~*~*~ (stealth).
 34297 | Vaults:4 | Reached skill level 18 in Armour
 34335 | Vaults:4 | Found a runed translucent gate.
 34335 | Vaults:4 | Found a runed translucent gate.
 34335 | Vaults:4 | Found a runed translucent gate.
 34336 | Vaults:4 | Noticed qw's ghost (adept GrFi)
 34916 | Vaults:4 | 34916 ||| PLANNING SPIDER:4
 34916 | Vaults:4 | 34916 ||| DROPPING +2 chain mail of Birdsong {Int+5}.
 35303 | Spider:4 | Entered Level 4 of the Spider Nest
 35313 | Spider:4 | 35313 ||| INVOKING Heroism.
 35316 | Spider:4 | Received a gift from Okawaru
 35326 | Spider:4 | 35326 ||| FLEEEEING.
 35328 | Spider:4 | 35328 ||| Stepping ~*~*~tactically~*~*~ (stealth).
 35329 | Spider:4 | 35329 ||| Stepping ~*~*~tactically~*~*~ (stealth).
 35338 | Spider:4 | 35338 ||| Stepping ~*~*~tactically~*~*~ (stealth).
 35369 | Spider:4 | 35369 ||| Stepping ~*~*~tactically~*~*~ (stealth).
 35406 | Spider:4 | 35406 ||| Stepping ~*~*~tactically~*~*~ (stealth).
 35528 | Spider:4 | 35528 ||| Stepping ~*~*~tactically~*~*~ (hiding).
 35529 | Spider:4 | 35529 ||| Stepping ~*~*~tactically~*~*~ (hiding).
 35533 | Spider:4 | Reached skill level 19 in Fighting
 35556 | Spider:4 | 35556 ||| Stepping ~*~*~tactically~*~*~ (stealth).
 35557 | Spider:4 | 35557 ||| Stepping ~*~*~tactically~*~*~ (stealth).
 35571 | Spider:4 | 35571 ||| Stepping ~*~*~tactically~*~*~ (stealth).
 35573 | Spider:4 | 35573 ||| Stepping ~*~*~tactically~*~*~ (stealth).
 35576 | Spider:4 | 35576 ||| Stepping ~*~*~tactically~*~*~ (stealth).
 35577 | Spider:4 | 35577 ||| Stepping ~*~*~tactically~*~*~ (stealth).
 35583 | Spider:4 | 35583 ||| Stepping ~*~*~tactically~*~*~ (hiding).
 35616 | Spider:4 | 35616 ||| Stepping ~*~*~tactically~*~*~ (hiding).
 35652 | Spider:4 | 35652 ||| Stepping ~*~*~tactically~*~*~ (stealth).
 35658 | Spider:4 | 35658 ||| Stepping ~*~*~tactically~*~*~ (stealth).
 35722 | Spider:4 | 35722 ||| Stepping ~*~*~tactically~*~*~ (stealth).
 35732 | Spider:4 | Received a gift from Okawaru
 35779 | Spider:4 | 35779 ||| INVOKING Heroism.
 35856 | Spider:4 | Received a gift from Okawaru
 36000 | Spider:4 | Found the +2 hat of the Bear Spirit {Spirit, Bear, *Rage
                  | Will++}
 36009 | Spider:4 | Got a gossamer rune of Zot
 36131 | Spider:4 | 36131 ||| UPGRADING to amulet of faith.
 36132 | Spider:4 | 36132 ||| UPGRADING to amulet of faith.
 36134 | Spider:4 | 36134 ||| UPGRADING to amulet of faith.
 36409 | Spider:4 | 36409 ||| PLANNING DEPTHS
 36744 | Depths:1 | Entered Level 1 of the Depths
 36745 | Depths:1 | 36745 ||| INVOKING Heroism.
 36746 | Depths:1 | 36746 ||| INVOKING Finesse.
 36849 | Depths:1 | 36849 ||| Stepping ~*~*~tactically~*~*~ (stealth).
 36866 | Depths:1 | 36866 ||| INVOKING Heroism.
 36869 | Depths:1 | 36869 ||| INVOKING Finesse.
 36939 | Depths:1 | Found a gateway to Hell.
 36952 | Depths:1 | 36952 ||| INVOKING Heroism.
 36959 | Depths:1 | Reached XP level 22. HP: 88/149 MP: 27/29
 36962 | Depths:1 | Received a gift from Okawaru
 36963 | Depths:1 | 36963 ||| INVOKING Finesse.
 36980 | Depths:1 | 36980 ||| INVOKING Heroism.
 37147 | Depths:1 | 37147 ||| Stepping ~*~*~tactically~*~*~ (stealth).
 37243 | Depths:1 | 37243 ||| FLEEEEING.
 37263 | Depths:1 | 37263 ||| FLEEEEING.
 37317 | Depths:1 | 37317 ||| Stepping ~*~*~tactically~*~*~ (hiding).
 37654 | Depths:1 | 37654 ||| INVOKING Heroism.
 37655 | Depths:1 | 37655 ||| INVOKING Finesse.
 37858 | Depths:2 | 37858 ||| STAIRDANCE
 37861 | Depths:1 | 37861 ||| INVOKING Heroism.
 37910 | Depths:2 | 37910 ||| STAIRDANCE
 38066 | Depths:2 | 38066 ||| INVOKING Heroism.
 38093 | Depths:2 | 38093 ||| INVOKING Finesse.
 38170 | Depths:2 | 38170 ||| Stepping ~*~*~tactically~*~*~ (hiding).
 38178 | Depths:2 | 38178 ||| Stepping ~*~*~tactically~*~*~ (hiding).
 38213 | Depths:2 | 38213 ||| Stepping ~*~*~tactically~*~*~ (stealth).
 38219 | Depths:2 | Reached skill level 20 in Fighting
 38219 | Depths:2 | 38219 ||| INVOKING Heroism.
 38220 | Depths:2 | 38220 ||| INVOKING Finesse.
 38222 | Depths:2 | Identified the +2 pair of boots of the Bulwark {rElec rPois
                  | Str-3 Int-4} (Okawaru gifted it to you on level 2 of the
                  | Depths)
 38222 | Depths:2 | Received a gift from Okawaru
 38298 | Depths:2 | 38298 ||| Stepping ~*~*~tactically~*~*~ (hiding).
 38316 | Depths:2 | 38316 ||| INVOKING Heroism.
 38351 | Depths:2 | 38351 ||| READING scroll of enchant armour.
 38351 | Depths:2 | 38351 ||| ENCHANTING +3 plate armour.
 38475 | Depths:2 | 38475 ||| Stepping ~*~*~tactically~*~*~ (hiding).
 38477 | Depths:2 | 38477 ||| Stepping ~*~*~tactically~*~*~ (hiding).
 38678 | Depths:2 | 38678 ||| FLEEEEING.
 38679 | Depths:2 | 38679 ||| FLEEEEING.
 38680 | Depths:2 | 38680 ||| FLEEEEING.
 38681 | Depths:2 | 38681 ||| FLEEEEING.
 38682 | Depths:2 | 38682 ||| FLEEEEING.
 38683 | Depths:2 | 38683 ||| FLEEEEING.
 38690 | Depths:2 | 38690 ||| FLEEEEING.
 38693 | Depths:2 | 38693 ||| FLEEEEING.
 38751 | Depths:2 | Found a one-way gate leading to the halls of Pandemonium.
 39024 | Depths:2 | 39024 ||| DROPPING +2 pair of boots of the Bulwark {rElec
                  | rPois Str-3 Int-4}.
 39225 | Depths:3 | 39225 ||| Stepping ~*~*~tactically~*~*~ (stealth).
 39227 | Depths:3 | 39227 ||| Stepping ~*~*~tactically~*~*~ (hiding).
 39229 | Depths:3 | 39229 ||| Stepping ~*~*~tactically~*~*~ (stealth).
 39230 | Depths:3 | 39230 ||| INVOKING Heroism.
 39235 | Depths:3 | 39235 ||| Stepping ~*~*~tactically~*~*~ (hiding).
 39236 | Depths:3 | 39236 ||| Stepping ~*~*~tactically~*~*~ (hiding).
 39239 | Depths:3 | 39239 ||| INVOKING Finesse.
 39246 | Depths:3 | Reached skill level 21 in Shields
 39247 | Depths:3 | 39247 ||| Stepping ~*~*~tactically~*~*~ (hiding).
 39327 | Depths:3 | Found a one-way gateway to a ziggurat.
 39337 | Depths:3 | 39337 ||| Stepping ~*~*~tactically~*~*~ (hiding).
 39341 | Depths:3 | Noticed Mennas
 39342 | Depths:3 | 39342 ||| INVOKING Heroism.
 39343 | Depths:3 | 39343 ||| INVOKING Finesse.
 39346 | Depths:3 | Killed Mennas
 39499 | Depths:3 | 39499 ||| Stepping ~*~*~tactically~*~*~ (hiding).
 39504 | Depths:3 | 39504 ||| INVOKING Heroism.
 39628 | Depths:3 | 39628 ||| Stepping ~*~*~tactically~*~*~ (hiding).
 39675 | Depths:3 | 39675 ||| Stepping ~*~*~tactically~*~*~ (stealth).
 39747 | Depths:3 | Found a one-way gate to the infinite horrors of the Abyss.
 39951 | Depths:3 | Found a transporter.
 40102 | Depths:4 | Entered Level 4 of the Depths
 40119 | Depths:4 | 40119 ||| INVOKING Finesse.
 40126 | Depths:4 | Received a gift from Okawaru
 40142 | Depths:4 | Reached skill level 21 in Fighting
 40142 | Depths:4 | Reached XP level 23. HP: 133/160 MP: 26/30
 40147 | Depths:4 | Received a gift from Okawaru
 40207 | Depths:4 | Noticed Grunn
 40208 | Depths:4 | 40208 ||| Stepping ~*~*~tactically~*~*~ (stealth).
 40209 | Depths:4 | 40209 ||| Stepping ~*~*~tactically~*~*~ (hiding).
 40212 | Depths:4 | 40212 ||| Stepping ~*~*~tactically~*~*~ (hiding).
 40213 | Depths:4 | 40213 ||| INVOKING Heroism.
 40214 | Depths:4 | 40214 ||| Stepping ~*~*~tactically~*~*~ (hiding).
 40218 | Depths:4 | Killed Grunn
 40260 | Depths:4 | Found Buopeenn's Armour Emporium.
 40262 | Depths:4 | Found Dorig's Armour Emporium.
 40262 | Depths:4 | Found Jyam's Book Shoppe.
 40267 | Depths:4 | Found Rolom's General Store.
 40273 | Depths:4 | 40273 ||| INVOKING Heroism.
 40275 | Depths:4 | Noticed a juggernaut
 40282 | Depths:4 | Killed a juggernaut
 40283 | Depths:4 | 40283 ||| INVOKING Finesse.
 40338 | Depths:4 | Noticed a golden dragon
 40339 | Depths:4 | 40339 ||| Stepping ~*~*~tactically~*~*~ (hiding).
 40340 | Depths:4 | 40340 ||| Stepping ~*~*~tactically~*~*~ (hiding).
 40342 | Depths:4 | 40342 ||| INVOKING Heroism.
 40345 | Depths:4 | Killed a golden dragon
 40346 | Depths:4 | 40346 ||| Stepping ~*~*~tactically~*~*~ (hiding).
 40347 | Depths:4 | 40347 ||| Stepping ~*~*~tactically~*~*~ (hiding).
 40348 | Depths:4 | 40348 ||| Stepping ~*~*~tactically~*~*~ (hiding).
 40409 | Depths:4 | 40409 ||| Stepping ~*~*~tactically~*~*~ (stealth).
 40417 | Depths:4 | Found a stormy altar of Qazlal.
 40426 | Depths:4 | Noticed a caustic shrike
 40427 | Depths:4 | 40427 ||| INVOKING Heroism.
 40432 | Depths:4 | Killed a caustic shrike
 40432 | Depths:4 | Received a gift from Okawaru
 40433 | Depths:4 | Noticed a caustic shrike
 40435 | Depths:4 | Noticed a caustic shrike
 40436 | Depths:4 | Noticed a caustic shrike
 40440 | Depths:4 | Killed a caustic shrike
 40440 | Depths:4 | Killed a caustic shrike
 40442 | Depths:4 | Killed a caustic shrike
 40481 | Depths:4 | 40481 ||| INVOKING Heroism.
 40633 | Depths:4 | 40633 ||| Stepping ~*~*~tactically~*~*~ (hiding).
 40636 | Depths:4 | 40636 ||| Stepping ~*~*~tactically~*~*~ (hiding).
 40637 | Depths:4 | 40637 ||| Stepping ~*~*~tactically~*~*~ (hiding).
 40664 | Depths:4 | 40664 ||| FLEEEEING.
 40666 | Depths:4 | 40666 ||| FLEEEEING.
 40667 | Depths:4 | 40667 ||| Stepping ~*~*~tactically~*~*~ (hiding).
 40669 | Depths:4 | 40669 ||| Stepping ~*~*~tactically~*~*~ (hiding).
 40672 | Depths:4 | 40672 ||| Stepping ~*~*~tactically~*~*~ (hiding).
 40673 | Depths:4 | 40673 ||| Stepping ~*~*~tactically~*~*~ (hiding).
 40678 | Depths:4 | 40678 ||| Stepping ~*~*~tactically~*~*~ (hiding).
 40679 | Depths:4 | 40679 ||| Stepping ~*~*~tactically~*~*~ (hiding).
 40709 | Depths:4 | 40709 ||| FLEEEEING.
 40710 | Depths:4 | 40710 ||| FLEEEEING.
 40712 | Depths:4 | 40712 ||| FLEEEEING.
 40733 | Depths:4 | 40733 ||| INVOKING Heroism.
 40736 | Depths:4 | Received a gift from Okawaru
 40741 | Depths:4 | Reached skill level 21 in Armour
 40763 | Depths:4 | 40763 ||| Stepping ~*~*~tactically~*~*~ (stealth).
 40769 | Depths:4 | 40769 ||| Stepping ~*~*~tactically~*~*~ (stealth).
 40771 | Depths:4 | 40771 ||| INVOKING Heroism.
 40828 | Depths:4 | 40828 ||| Stepping ~*~*~tactically~*~*~ (hiding).
 40834 | Depths:4 | 40834 ||| INVOKING Heroism.
 40847 | Depths:4 | Found a gate to the Realm of Zot.
 40873 | Depths:4 | 40873 ||| INVOKING Heroism.
 40985 | Depths:4 | 40985 ||| INVOKING Heroism.
 41048 | Depths:4 | 41048 ||| PLANNING VAULTS:5
 41265 | Vaults:5 | Entered Level 5 of the Vaults
 41266 | Vaults:5 | 41266 ||| INVOKING Heroism.
 41269 | Vaults:5 | Received a gift from Okawaru
 41277 | Vaults:5 | Reached skill level 22 in Fighting
 41278 | Vaults:5 | 41278 ||| INVOKING Finesse.
 41279 | Vaults:5 | 41279 ||| STAIRDANCE
 41424 | Vaults:5 | 41424 ||| INVOKING Heroism.
 41426 | Vaults:5 | Received a gift from Okawaru
 41433 | Vaults:5 | Received a gift from Okawaru
 41435 | Vaults:5 | 41435 ||| INVOKING Finesse.
 41460 | Vaults:5 | 41460 ||| INVOKING Heroism.
 41483 | Vaults:5 | Noticed Sojobo
 41495 | Vaults:5 | 41495 ||| Stepping ~*~*~tactically~*~*~ (hiding).
 41514 | Vaults:5 | Received a gift from Okawaru
 41515 | Vaults:5 | 41515 ||| Stepping ~*~*~tactically~*~*~ (hiding).
 41516 | Vaults:5 | 41516 ||| Stepping ~*~*~tactically~*~*~ (hiding).
 41517 | Vaults:5 | 41517 ||| Stepping ~*~*~tactically~*~*~ (hiding).
 41518 | Vaults:5 | 41518 ||| Stepping ~*~*~tactically~*~*~ (hiding).
 41520 | Vaults:5 | HP: 34/162 [Sojobo/the air (33)]
 41521 | Vaults:5 | 41521 ||| READING 21 scrolls of teleportation.
 41522 | Vaults:5 | 41522 ||| DRINKING 12 potions of heal wounds.
 41523 | Vaults:5 | 41523 ||| Stepping ~*~*~tactically~*~*~ (hiding).
 41524 | Vaults:5 | 41524 ||| Stepping ~*~*~tactically~*~*~ (hiding).
 41525 | Vaults:5 | 41525 ||| Stepping ~*~*~tactically~*~*~ (hiding).
 41526 | Vaults:5 | 41526 ||| Stepping ~*~*~tactically~*~*~ (hiding).
 41527 | Vaults:5 | 41527 ||| FLEEEEING.
 41528 | Vaults:5 | 41528 ||| INVOKING Heroism.
 41540 | Vaults:5 | Killed Sojobo
 41545 | Vaults:5 | 41545 ||| FLEEEEING.
 41546 | Vaults:5 | 41546 ||| FLEEEEING.
 41547 | Vaults:5 | 41547 ||| FLEEEEING.
 41550 | Vaults:5 | 41550 ||| Stepping ~*~*~tactically~*~*~ (hiding).
 41556 | Vaults:5 | Reached XP level 24. HP: 94/168 MP: 30/30
 41559 | Vaults:5 | 41559 ||| INVOKING Heroism.
 41589 | Vaults:5 | 41589 ||| INVOKING Heroism.
 41590 | Vaults:5 | Received a gift from Okawaru
 41595 | Vaults:5 | 41595 ||| Stepping ~*~*~tactically~*~*~ (hiding).
 41596 | Vaults:5 | 41596 ||| Stepping ~*~*~tactically~*~*~ (hiding).
 41601 | Vaults:5 | Identified the amulet of Ilelamemi {RegenMP rCorr Dex+4}
 41696 | Vaults:5 | Got a silver rune of Zot
 41727 | Vaults:5 | 41727 ||| Stepping ~*~*~tactically~*~*~ (stealth).
 41778 | Vaults:5 | Received a gift from Okawaru
 41785 | Vaults:5 | 41785 ||| Stepping ~*~*~tactically~*~*~ (hiding).
 41786 | Vaults:5 | 41786 ||| Stepping ~*~*~tactically~*~*~ (hiding).
 41787 | Vaults:5 | 41787 ||| Stepping ~*~*~tactically~*~*~ (hiding).
 41788 | Vaults:5 | 41788 ||| Stepping ~*~*~tactically~*~*~ (hiding).
 41853 | Vaults:5 | 41853 ||| INVOKING Heroism.
 41929 | Vaults:5 | 41929 ||| READING scroll of enchant armour.
 41929 | Vaults:5 | 41929 ||| ENCHANTING +4 plate armour.
 42013 | Vaults:5 | Reached skill level 12 in Throwing
 42016 | Vaults:5 | 42016 ||| INVOKING Heroism.
 42118 | Vaults:5 | 42118 ||| DROPPING +0 broad axe of flaming.
 42281 | Vaults:5 | 42281 ||| Stepping ~*~*~tactically~*~*~ (hiding).
 42283 | Vaults:5 | 42283 ||| Stepping ~*~*~tactically~*~*~ (hiding).
 42295 | Vaults:5 | 42295 ||| Stepping ~*~*~tactically~*~*~ (stealth).
 42301 | Vaults:5 | 42301 ||| INVOKING Heroism.
 42326 | Vaults:5 | 42326 ||| INVOKING Heroism.
 42546 | Vaults:5 | Found the crystal ball of Wucad Mu {*channel}
 42705 | Vaults:5 | 42705 ||| PLANNING SHOPPING SPREE
 42705 | Vaults:5 | 42705 ||| DROPPING +0 ice dragon scales.
 42706 | Vaults:5 | 42706 ||| DROPPING +2 chain mail of fire resistance.
 42707 | Vaults:5 | 42707 ||| UPGRADING to +3 plate armour of cold resistance.
 42717 | Vaults:5 | 42717 ||| DROPPING scarf of shadows.
 42718 | Vaults:5 | 42718 ||| DROPPING ring of see invisible.
 42719 | Vaults:5 | 42719 ||| DROPPING +6 ring of strength.
 43129 | Shoals:3 | 43129 ||| BUYING potion of heal wounds (85 gold).
 43129 | Shoals:3 | Bought a potion of heal wounds for 85 gold pieces
 43129 | Shoals:3 | 43129 ||| BUYING potion of heal wounds (85 gold).
 43129 | Shoals:3 | Bought a potion of heal wounds for 85 gold pieces
 43129 | Shoals:3 | 43129 ||| BUYING potion of heal wounds (85 gold).
 43129 | Shoals:3 | Bought a potion of heal wounds for 85 gold pieces
 43129 | Shoals:3 | 43129 ||| BUYING potion of magic (136 gold).
 43129 | Shoals:3 | Bought a potion of magic for 136 gold pieces
 43129 | Shoals:3 | 43129 ||| BUYING potion of mutation (136 gold).
 43129 | Shoals:3 | Bought a potion of mutation for 136 gold pieces
 43146 | Shoals:3 | 43146 ||| BUYING pair of runed boots (165 gold).
 43146 | Shoals:3 | Bought a pair of runed boots for 165 gold pieces
 43146 | Shoals:3 | 43146 ||| DROPPING +1 pair of boots.
 43154 | Shoals:3 | 43154 ||| BUYING +5 ring of evasion (396 gold).
 43154 | Shoals:3 | Bought a +5 ring of evasion for 396 gold pieces
 43154 | Shoals:3 | 43154 ||| BUYING ring "Siojet" {+Blink rPois rC+ Str+3
                  | Dex-2} (474 gold).
 43154 | Shoals:3 | Bought the ring "Siojet" {+Blink rPois rC+ Str+3 Dex-2} for
                  | 474 gold pieces
 43154 | Shoals:3 | 43154 ||| BUYING ring of Vaet {Fire Dex+5} (467 gold).
 43154 | Shoals:3 | Bought the ring of Vaet {Fire Dex+5} for 467 gold pieces
 43154 | Shoals:3 | 43154 ||| UPGRADING to +5 ring of evasion.
 43156 | Shoals:3 | 43156 ||| DROPPING ring of protection from cold.
 43157 | Shoals:3 | 43157 ||| DROPPING +4 ring of protection.
 43349 | Orc:2    | 43349 ||| BUYING amulet "Nets" {Faith +Inv rC+ Str+2} (1043
                  | gold).
 43349 | Orc:2    | Bought the amulet "Nets" {Faith +Inv rC+ Str+2} for 1043
                  | gold pieces
 43349 | Orc:2    | 43349 ||| UPGRADING to amulet "Nets" {Faith +Inv rC+
                  | Str+2}.
 43359 | Orc:2    | 43359 ||| UPGRADING to +5 plate armour.
 43369 | Orc:2    | 43369 ||| DROPPING amulet of faith.
 43370 | Orc:2    | 43370 ||| CLEARING SHOPPING LIST
 43370 | Orc:2    | 43370 ||| PLANNING ZOT:1-4
 43370 | Orc:2    | 43370 ||| PLANNING ZOT:1-4
 43370 | Orc:2    | 43370 ||| UPGRADING to scarf of resistance.
 43694 | Zot:1    | Entered Level 1 of the Realm of Zot
 43822 | Zot:1    | 43822 ||| Stepping ~*~*~tactically~*~*~ (hiding).
 43833 | Zot:1    | 43833 ||| Stepping ~*~*~tactically~*~*~ (hiding).
 43854 | Zot:1    | 43854 ||| Stepping ~*~*~tactically~*~*~ (cloud).
 43899 | Zot:1    | 43899 ||| INVOKING Heroism.
 44066 | Zot:1    | 44066 ||| READING scroll of enchant armour.
 44066 | Zot:1    | 44066 ||| ENCHANTING +5 plate armour.
 44185 | Zot:1    | Received a gift from Okawaru
 44186 | Zot:1    | 44186 ||| Stepping ~*~*~tactically~*~*~ (cloud).
 44465 | Zot:1    | 44465 ||| DROPPING +0 fire dragon scales.
 44644 | Zot:2    | 44644 ||| INVOKING Heroism.
 44719 | Zot:2    | 44719 ||| Stepping ~*~*~tactically~*~*~ (hiding).
 44728 | Zot:2    | Reached skill level 23 in Fighting
 44914 | Zot:2    | 44914 ||| Stepping ~*~*~tactically~*~*~ (hiding).
 44923 | Zot:2    | 44923 ||| Stepping ~*~*~tactically~*~*~ (hiding).
 44934 | Zot:2    | 44934 ||| Stepping ~*~*~tactically~*~*~ (hiding).
 44938 | Zot:2    | Received a gift from Okawaru
 45047 | Zot:2    | 45047 ||| READING scroll of enchant armour.
 45047 | Zot:2    | 45047 ||| ENCHANTING +6 plate armour.
 45384 | Zot:2    | Reached skill level 9 in Dodging
 45391 | Zot:2    | 45391 ||| Stepping ~*~*~tactically~*~*~ (hiding).
 45401 | Zot:2    | Received a gift from Okawaru
 45681 | Zot:3    | Received a gift from Okawaru
 45705 | Zot:3    | Received a gift from Okawaru
 45726 | Zot:3    | Received a gift from Okawaru
 45767 | Zot:3    | 45767 ||| Stepping ~*~*~tactically~*~*~ (stealth).
 45768 | Zot:3    | 45768 ||| Stepping ~*~*~tactically~*~*~ (stealth).
 45769 | Zot:3    | 45769 ||| Stepping ~*~*~tactically~*~*~ (stealth).
 45781 | Zot:3    | Reached XP level 25. HP: 176/176 MP: 30/30
 45811 | Zot:3    | 45811 ||| INVOKING Heroism.
 45837 | Zot:3    | 45837 ||| Stepping ~*~*~tactically~*~*~ (hiding).
 45904 | Zot:3    | 45904 ||| Stepping ~*~*~tactically~*~*~ (hiding).
 45906 | Zot:3    | 45906 ||| Stepping ~*~*~tactically~*~*~ (hiding).
 45910 | Zot:3    | 45910 ||| INVOKING Heroism.
 45912 | Zot:3    | 45912 ||| Stepping ~*~*~tactically~*~*~ (hiding).
 45940 | Zot:3    | Reached skill level 24 in Fighting
 45947 | Zot:3    | Received a gift from Okawaru
 45975 | Zot:3    | 45975 ||| FLEEEEING.
 45981 | Zot:3    | 45981 ||| FLEEEEING.
 45982 | Zot:3    | 45982 ||| FLEEEEING.
 45983 | Zot:3    | 45983 ||| FLEEEEING.
 46021 | Zot:3    | 46021 ||| Stepping ~*~*~tactically~*~*~ (stealth).
 46030 | Zot:3    | 46030 ||| Stepping ~*~*~tactically~*~*~ (stealth).
 46083 | Zot:3    | 46083 ||| Stepping ~*~*~tactically~*~*~ (stealth).
 46103 | Zot:3    | 46103 ||| INVOKING Heroism.
 46112 | Zot:3    | Received a gift from Okawaru
 46128 | Zot:3    | Identified the +10 war axe of Chance {speed, *Rage rPois
                  | rCorr MP+9}
 46274 | Zot:3    | 46274 ||| Stepping ~*~*~tactically~*~*~ (stealth).
 46276 | Zot:3    | 46276 ||| Stepping ~*~*~tactically~*~*~ (hiding).
 46289 | Zot:3    | 46289 ||| Stepping ~*~*~tactically~*~*~ (hiding).
 46290 | Zot:3    | 46290 ||| Stepping ~*~*~tactically~*~*~ (hiding).
 46455 | Zot:3    | Found a snail-covered altar of Cheibriados.
 46618 | Zot:3    | 46618 ||| Stepping ~*~*~tactically~*~*~ (stealth).
 46621 | Zot:3    | 46621 ||| Stepping ~*~*~tactically~*~*~ (hiding).
 46623 | Zot:3    | 46623 ||| Stepping ~*~*~tactically~*~*~ (hiding).
 46630 | Zot:3    | Identified the +0 pair of boots of Fortitude {rElec}
                  | (Okawaru gifted it to you on level 3 of the Realm of Zot)
 46630 | Zot:3    | Received a gift from Okawaru
 46971 | Zot:3    | 46971 ||| INVOKING Heroism.
 47040 | Zot:3    | Identified the +8 scale mail of Forking Paths {Int+2}
 47126 | Zot:3    | 47126 ||| DROPPING +0 pair of boots of Fortitude {rElec}.
 47166 | Zot:4    | 47166 ||| INVOKING Heroism.
 47178 | Zot:4    | 47178 ||| STAIRDANCE
 47269 | Zot:4    | 47269 ||| STAIRDANCE
 47310 | Zot:4    | 47310 ||| Stepping ~*~*~tactically~*~*~ (hiding).
 47317 | Zot:4    | 47317 ||| Stepping ~*~*~tactically~*~*~ (hiding).
 47450 | Zot:4    | 47450 ||| INVOKING Heroism.
 47452 | Zot:4    | 47452 ||| Stepping ~*~*~tactically~*~*~ (hiding).
 47457 | Zot:4    | Noticed a Killer Klown
 47458 | Zot:4    | 47458 ||| INVOKING Finesse.
 47459 | Zot:4    | Reached skill level 25 in Fighting
 47459 | Zot:4    | 47459 ||| Stepping ~*~*~tactically~*~*~ (hiding).
 47464 | Zot:4    | 47464 ||| Stepping ~*~*~tactically~*~*~ (hiding).
 47476 | Zot:4    | Killed a Killer Klown
 47647 | Zot:4    | Noticed an orb of fire
 47648 | Zot:4    | 47648 ||| DRINKING 3 potions of resistance.
 47648 | Zot:4    | Gained mutation: Potions are less effective at restoring
                  | your health. [an orb of fire]
 47649 | Zot:4    | 47649 ||| INVOKING Heroism.
 47653 | Zot:4    | Killed an orb of fire
 47662 | Zot:4    | 47662 ||| DRINKING 10 potions of mutation.
 47662 | Zot:4    | Lost mutation: Your flesh is heat resistant. (rF+) [potion
                  | of mutation]
 47662 | Zot:4    | Lost mutation: Potions are less effective at restoring your
                  | health. [potion of mutation]
 47662 | Zot:4    | Gained mutation: You have hidden genetic defects. [potion
                  | of mutation]
 47662 | Zot:4    | Gained mutation: You are dopey. (Int -2) [potion of
                  | mutation]
 47662 | Zot:4    | Gained mutation: You have large cloven feet. [potion of
                  | mutation]
 47662 | Zot:4    | Gained mutation: You are covered in fur. (AC +1) [potion of
                  | mutation]
 47702 | Zot:4    | Identified the +6 mace of Fomep {vamp, rPois rF+ Dex+6}
 47751 | Zot:4    | 47751 ||| INVOKING Heroism.
 47957 | Zot:4    | 47957 ||| Stepping ~*~*~tactically~*~*~ (stealth).
 47959 | Zot:4    | 47959 ||| INVOKING Heroism.
 48089 | Zot:4    | 48089 ||| PLANNING SLIME:5
 48089 | Zot:4    | 48089 ||| SWAPPING to +2 broad axe of Yzath {spect, rCorr
                  | Int+6}.
 48090 | Zot:4    | 48090 ||| UPGRADING to +2 cloak.
 48604 | Slime:1  | Entered Level 1 of the Pits of Slime
 48605 | Slime:1  | 48605 ||| STAIRDANCE
 48634 | Slime:2  | 48634 ||| STAIRDANCE
 48687 | Slime:3  | 48687 ||| STAIRDANCE
 48687 | Slime:3  | Gained mutation: You are weak. (Str -2) [a shining eye]
 48689 | Slime:2  | 48689 ||| DRINKING 22 potions of curing.
 48689 | Slime:2  | 48689 ||| (to cure confusion)
 48692 | Slime:3  | 48692 ||| STAIRDANCE
 48697 | Slime:3  | 48697 ||| STAIRDANCE
 48699 | Slime:2  | 48699 ||| DRINKING 21 potions of curing.
 48699 | Slime:2  | 48699 ||| (to cure confusion)
 48702 | Slime:3  | 48702 ||| STAIRDANCE
 48754 | Slime:3  | 48754 ||| DRINKING 20 potions of curing.
 48754 | Slime:3  | 48754 ||| (to cure confusion)
 48782 | Slime:4  | Gained mutation: You are clumsy. (Dex -2) [a shining eye]
 48787 | Slime:4  | Received a gift from Okawaru
 48826 | Slime:4  | 48826 ||| INVOKING Heroism.
 48857 | Slime:4  | Gained mutation: You do not regenerate when monsters are
                  | visible. [hidden defects]
 48879 | Slime:4  | 48879 ||| DRINKING 10 potions of mutation.
 48879 | Slime:4  | Lost mutation: You have hidden genetic defects. [potion of
                  | mutation]
 48879 | Slime:4  | Lost mutation: You are dopey. (Int -2) [potion of mutation]
 48879 | Slime:4  | Lost mutation: You do not regenerate when monsters are
                  | visible. [potion of mutation]
 48879 | Slime:4  | Gained mutation: You are vulnerable to heat. (rF-) [potion
                  | of mutation]
 48880 | Slime:4  | 48880 ||| DRINKING 9 potions of mutation.
 48880 | Slime:4  | Lost mutation: You are covered in fur. (AC +1) [potion of
                  | mutation]
 48880 | Slime:4  | Lost mutation: You have large cloven feet. [potion of
                  | mutation]
 48880 | Slime:4  | Gained mutation: Your spells are a little easier to cast,
                  | but a little less powerful. [potion of mutation]
 48880 | Slime:4  | Gained mutation: You are partially covered in iridescent
                  | scales. (AC +2) [potion of mutation]
 48881 | Slime:4  | 48881 ||| DRINKING 8 potions of mutation.
 48881 | Slime:4  | Lost mutation: You are clumsy. (Dex -2) [potion of
                  | mutation]
 48881 | Slime:4  | Lost mutation: You are weak. (Str -2) [potion of mutation]
 48881 | Slime:4  | Lost mutation: You are partially covered in iridescent
                  | scales. (AC +2) [potion of mutation]
 48881 | Slime:4  | Gained mutation: You occasionally lose the ability to drink
                  | potions when taking damage. [potion of mutation]
 48881 | Slime:4  | Gained mutation: Your body sometimes deteriorates upon
                  | taking damage. [potion of mutation]
 48881 | Slime:4  | Gained mutation: You are partially covered in iridescent
                  | scales. (AC +2) [potion of mutation]
 48882 | Slime:4  | 48882 ||| DRINKING 7 potions of mutation.
 48882 | Slime:4  | Lost mutation: You are vulnerable to heat. (rF-) [potion of
                  | mutation]
 48882 | Slime:4  | Lost mutation: Your body sometimes deteriorates upon taking
                  | damage. [potion of mutation]
 48882 | Slime:4  | Lost mutation: You are partially covered in iridescent
                  | scales. (AC +2) [potion of mutation]
 48882 | Slime:4  | Gained mutation: You are agile. (Dex +4, Str/Int -1)
                  | [potion of mutation]
 48882 | Slime:4  | Lost mutation: You are agile. (Dex +4, Str/Int -1) [potion
                  | of mutation]
 48882 | Slime:4  | Gained mutation: Your mind is acute. (Int +4, Str/Dex -1)
                  | [potion of mutation]
 48882 | Slime:4  | Gained mutation: You have large cloven feet. [potion of
                  | mutation]
 48883 | Slime:4  | 48883 ||| DRINKING 6 potions of mutation.
 48883 | Slime:4  | Lost mutation: You have large cloven feet. [potion of
                  | mutation]
 48883 | Slime:4  | Lost mutation: Your mind is acute. (Int +4, Str/Dex -1)
                  | [potion of mutation]
 48883 | Slime:4  | Lost mutation: Your spells are a little easier to cast, but
                  | a little less powerful. [potion of mutation]
 48883 | Slime:4  | Gained mutation: You passively dampen the noise of your
                  | surroundings. [potion of mutation]
 48883 | Slime:4  | Gained mutation: You have a pair of small antennae on your
                  | head. [potion of mutation]
 48884 | Slime:4  | 48884 ||| DRINKING 5 potions of mutation.
 48884 | Slime:4  | Lost mutation: You have a pair of small antennae on your
                  | head. [potion of mutation]
 48884 | Slime:4  | Lost mutation: You occasionally lose the ability to drink
                  | potions when taking damage. [potion of mutation]
 48884 | Slime:4  | Gained mutation: You passively map a small area around you.
                  | [potion of mutation]
 48884 | Slime:4  | Gained mutation: You occasionally lose the ability to read
                  | scrolls when taking damage. [potion of mutation]
 48884 | Slime:4  | Gained mutation: You have a pair of small horns on your
                  | head. [potion of mutation]
 48885 | Slime:4  | 48885 ||| DRINKING 4 potions of mutation.
 48885 | Slime:4  | Lost mutation: You occasionally lose the ability to read
                  | scrolls when taking damage. [potion of mutation]
 48885 | Slime:4  | Lost mutation: You have a pair of small horns on your head.
                  | [potion of mutation]
 48885 | Slime:4  | Lost mutation: You passively dampen the noise of your
                  | surroundings. [potion of mutation]
 48885 | Slime:4  | Gained mutation: Your movements are slightly less
                  | encumbered by armour. (ER -2) [potion of mutation]
 48885 | Slime:4  | Gained mutation: You have sharp toenails. [potion of
                  | mutation]
 48886 | Slime:4  | 48886 ||| UPGRADING to +2 helmet.
 48898 | Slime:5  | Entered Level 5 of the Pits of Slime
 48914 | Slime:5  | Reached XP level 26. HP: 188/188 MP: 30/30
 48918 | Slime:5  | Paralysed by a great orb of eyes for 4 turns
 48941 | Slime:5  | Identified the +2 pair of gloves "Oqeuff" {rPois rN++ Str+3
                  | Int-2} (Okawaru gifted it to you on level 5 of the Pits of
                  | Slime)
 48941 | Slime:5  | Received a gift from Okawaru
 49014 | Slime:5  | Noticed the Royal Jelly
 49016 | Slime:5  | 49016 ||| DRINKING 19 potions of curing.
 49016 | Slime:5  | 49016 ||| (to cure confusion)
 49017 | Slime:5  | 49017 ||| INVOKING Heroism.
 49018 | Slime:5  | 49018 ||| INVOKING Finesse.
 49028 | Slime:5  | Killed the Royal Jelly
 49030 | Slime:5  | HP: 44/189 [acid blob/splash of acid[the Royal Jelly] (12)]
 49031 | Slime:5  | 49031 ||| READING 24 scrolls of teleportation.
 49032 | Slime:5  | 49032 ||| DRINKING 15 potions of heal wounds.
 49033 | Slime:5  | 49033 ||| DRINKING 18 potions of curing.
 49033 | Slime:5  | 49033 ||| (to cure confusion)
 49034 | Slime:5  | 49034 ||| DRINKING 14 potions of heal wounds.
 49159 | Slime:5  | 49159 ||| DRINKING 17 potions of curing.
 49159 | Slime:5  | 49159 ||| (to cure confusion)
 49173 | Slime:5  | Found the necklace of Bloodlust {Fury *Rage Will++ Int-3
                  | Slay+6}
 49204 | Slime:5  | Got a slimy rune of Zot
 49255 | Slime:5  | Identified the +11 glaive of Sehouseu {flame, Str+3}
 49256 | Slime:5  | Identified the staff of conjuration "Eryolug" {rElec rF++
                  | Str-4}
 49300 | Slime:5  | Identified the ring "Zoydd" {Int+6 Dex+2}
 49307 | Slime:5  | Identified the staff of earth "Ubom" {Int+2}
 49477 | Slime:5  | Reached skill level 26 in Fighting
 49601 | Slime:5  | 49601 ||| PLANNING THE SHINING ONE WORSHIP
 49601 | Slime:5  | 49601 ||| SWAPPING to +8 broad axe of Asceticism {heavy,
                  | rElec Will+++ rCorr Str-4}.
 49602 | Slime:5  | 49602 ||| DROPPING +0 ring mail "Zauckui" {rCorr}.
 49603 | Slime:5  | 49603 ||| DROPPING +1 pair of gloves.
 49604 | Slime:5  | 49604 ||| UPGRADING to +2 pair of gloves "Oqeuff" {rPois
                  | rN++ Str+3 Int-2}.
 49614 | Slime:5  | 49614 ||| DROPPING +0 pair of fencer's gloves {Riposte
                  | Dex+3}.
 49615 | Slime:5  | 49615 ||| DROPPING amulet of Ilelamemi {RegenMP rCorr
                  | Dex+4}.
 49616 | Slime:5  | 49616 ||| DROPPING ring "Ufrelika" {rCorr Slay+3}.
 49617 | Slime:5  | 49617 ||| DROPPING +6 ring of dexterity.
 49618 | Slime:5  | 49618 ||| DROPPING ring "Zoydd" {Int+6 Dex+2}.
 49619 | Slime:5  | 49619 ||| DROPPING ring of resist corrosion.
 49620 | Slime:5  | 49620 ||| UPGRADING to ring of Qarosor {rF++ rN+ Str+3}.
 49857 | Temple   | Fell from the grace of Okawaru
 49857 | Temple   | Became a worshipper of the Shining One
 49857 | Temple   | 49857 ||| PLANNING CRYPT
 50210 | Crypt:1  | Entered Level 1 of the Crypt
 50211 | Crypt:1  | Noticed Saint Roka
 50215 | Crypt:1  | Reached * piety under the Shining One
 50221 | Crypt:1  | Reached ** piety under the Shining One
 50229 | Crypt:1  | Killed Saint Roka
 50229 | Crypt:1  | Noticed Vv
 50230 | Crypt:1  | 50230 ||| DRINKING 2 potions of resistance.
 50237 | Crypt:1  | HP: 43/190 [ghoul (8)]
 50238 | Crypt:1  | 50238 ||| READING 24 scrolls of teleportation.
 50239 | Crypt:1  | 50239 ||| DRINKING 16 potions of heal wounds.
 50239 | Crypt:1  | Reached *** piety under the Shining One
 50240 | Crypt:1  | 50240 ||| INVOKING Cleansing Flame.
 50240 | Crypt:1  | HP: 19/190 [Vv (17)]
 50241 | Crypt:1  | 50241 ||| DRINKING 15 potions of heal wounds.
 50332 | Crypt:1  | 50332 ||| Stepping ~*~*~tactically~*~*~ (hiding).
 50336 | Crypt:1  | 50336 ||| INVOKING Cleansing Flame.
 50337 | Crypt:1  | 50337 ||| INVOKING Cleansing Flame.
 50343 | Crypt:1  | 50343 ||| INVOKING Cleansing Flame.
 50344 | Crypt:1  | 50344 ||| INVOKING Cleansing Flame.
 50345 | Crypt:1  | 50345 ||| INVOKING Cleansing Flame.
 50359 | Crypt:1  | Reached **** piety under the Shining One
 50363 | Crypt:1  | 50363 ||| DRINKING potion of resistance.
 50370 | Crypt:1  | Reached skill level 12 in Invocations
 50377 | Crypt:1  | Killed Vv
 50405 | Crypt:1  | 50405 ||| Stepping ~*~*~tactically~*~*~ (hiding).
 50406 | Crypt:1  | 50406 ||| Stepping ~*~*~tactically~*~*~ (hiding).
 50419 | Crypt:1  | 50419 ||| Stepping ~*~*~tactically~*~*~ (hiding).
 50430 | Crypt:1  | 50430 ||| Stepping ~*~*~tactically~*~*~ (stealth).
 50463 | Crypt:1  | 50463 ||| Stepping ~*~*~tactically~*~*~ (stealth).
 50464 | Crypt:1  | 50464 ||| Stepping ~*~*~tactically~*~*~ (stealth).
 50504 | Crypt:1  | 50504 ||| Stepping ~*~*~tactically~*~*~ (stealth).
 50505 | Crypt:1  | 50505 ||| Stepping ~*~*~tactically~*~*~ (stealth).
 50516 | Crypt:1  | 50516 ||| Stepping ~*~*~tactically~*~*~ (stealth).
 50578 | Crypt:1  | Reached ***** piety under the Shining One
 50989 | Crypt:2  | 50989 ||| INVOKING Cleansing Flame.
 51026 | Crypt:2  | 51026 ||| FLEEEEING.
 51046 | Crypt:2  | Reached ****** piety under the Shining One
 51048 | Crypt:2  | 51048 ||| FLEEEEING.
 51049 | Crypt:2  | 51049 ||| FLEEEEING.
 51050 | Crypt:2  | 51050 ||| FLEEEEING.
 51051 | Crypt:2  | 51051 ||| FLEEEEING.
 51053 | Crypt:2  | 51053 ||| FLEEEEING.
 51054 | Crypt:2  | 51054 ||| FLEEEEING.
 51055 | Crypt:2  | 51055 ||| FLEEEEING.
 51056 | Crypt:2  | 51056 ||| FLEEEEING.
 51057 | Crypt:2  | 51057 ||| STAIRDANCE
 51069 | Crypt:1  | 51069 ||| Stepping ~*~*~tactically~*~*~ (hiding).
 51070 | Crypt:1  | 51070 ||| Stepping ~*~*~tactically~*~*~ (hiding).
 51077 | Crypt:1  | 51077 ||| Stepping ~*~*~tactically~*~*~ (hiding).
 51094 | Crypt:1  | 51094 ||| INVOKING Brand Weapon With Holy Wrath.
 51094 | Crypt:1  | Identified a +2 war axe of holy wrath (a +0 war axe blessed
                  | by the Shining One)
 51094 | Crypt:1  | Received a gift from the Shining One
 51166 | Crypt:2  | 51166 ||| Stepping ~*~*~tactically~*~*~ (stealth).
 51240 | Crypt:2  | 51240 ||| Stepping ~*~*~tactically~*~*~ (hiding).
 51252 | Crypt:2  | 51252 ||| INVOKING Cleansing Flame.
 51253 | Crypt:2  | 51253 ||| INVOKING Cleansing Flame.
 51257 | Crypt:2  | 51257 ||| INVOKING Cleansing Flame.
 51383 | Crypt:2  | 51383 ||| Stepping ~*~*~tactically~*~*~ (hiding).
 51389 | Crypt:2  | 51389 ||| Stepping ~*~*~tactically~*~*~ (hiding).
 51390 | Crypt:2  | 51390 ||| Stepping ~*~*~tactically~*~*~ (hiding).
 51392 | Crypt:2  | 51392 ||| Stepping ~*~*~tactically~*~*~ (hiding).
 51393 | Crypt:2  | 51393 ||| Stepping ~*~*~tactically~*~*~ (hiding).
 51397 | Crypt:2  | 51397 ||| Stepping ~*~*~tactically~*~*~ (hiding).
 51398 | Crypt:2  | 51398 ||| Stepping ~*~*~tactically~*~*~ (hiding).
 51399 | Crypt:2  | 51399 ||| Stepping ~*~*~tactically~*~*~ (hiding).
 51400 | Crypt:2  | 51400 ||| Stepping ~*~*~tactically~*~*~ (hiding).
 51402 | Crypt:2  | 51402 ||| Stepping ~*~*~tactically~*~*~ (hiding).
 51557 | Crypt:2  | 51557 ||| Stepping ~*~*~tactically~*~*~ (hiding).
 51655 | Crypt:2  | 51655 ||| Stepping ~*~*~tactically~*~*~ (stealth).
 51656 | Crypt:2  | 51656 ||| Stepping ~*~*~tactically~*~*~ (stealth).
 51658 | Crypt:2  | 51658 ||| Stepping ~*~*~tactically~*~*~ (stealth).
 51724 | Crypt:2  | 51724 ||| DROPPING +2 war axe of holy wrath.
 52161 | Crypt:3  | Entered Level 3 of the Crypt
 52186 | Crypt:3  | Reached skill level 15 in Invocations
 52355 | Crypt:3  | 52355 ||| INVOKING Cleansing Flame.
 52356 | Crypt:3  | 52356 ||| INVOKING Cleansing Flame.
 52357 | Crypt:3  | 52357 ||| INVOKING Cleansing Flame.
 52387 | Crypt:3  | Noticed an ancient lich
 52387 | Crypt:3  | Noticed a dread lich
 52444 | Crypt:3  | 52444 ||| INVOKING Cleansing Flame.
 52491 | Crypt:3  | 52491 ||| FLEEEEING.
 52546 | Crypt:3  | 52546 ||| Stepping ~*~*~tactically~*~*~ (hiding).
 52552 | Crypt:3  | 52552 ||| FLEEEEING.
 52553 | Crypt:3  | 52553 ||| FLEEEEING.
 52554 | Crypt:3  | 52554 ||| FLEEEEING.
 52555 | Crypt:3  | 52555 ||| FLEEEEING.
 52560 | Crypt:3  | 52560 ||| Stepping ~*~*~tactically~*~*~ (hiding).
 52765 | Crypt:3  | Found a staircase to the Tomb.
 52862 | Crypt:3  | 52862 ||| Stepping ~*~*~tactically~*~*~ (hiding).
 52867 | Crypt:3  | 52867 ||| Stepping ~*~*~tactically~*~*~ (hiding).
 53077 | Crypt:3  | 53077 ||| PLANNING TOMB
 53162 | Crypt:3  | Noticed a dread lich
 53197 | Tomb:1   | Entered Level 1 of the Tomb of the Ancients
 53314 | Tomb:1   | 53314 ||| FLEEEEING.
 53315 | Tomb:1   | 53315 ||| FLEEEEING.
 53316 | Tomb:1   | 53316 ||| FLEEEEING.
 53317 | Tomb:1   | 53317 ||| FLEEEEING.
 53318 | Tomb:1   | 53318 ||| FLEEEEING.
 53381 | Tomb:1   | Reached XP level 27. HP: 185/196 MP: 35/35
 53388 | Tomb:1   | 53388 ||| FLEEEEING.
 53389 | Tomb:1   | 53389 ||| FLEEEEING.
 53390 | Tomb:1   | 53390 ||| FLEEEEING.
 53403 | Tomb:1   | 53403 ||| FLEEEEING.
 53571 | Tomb:1   | Noticed a royal mummy
 53572 | Tomb:1   | 53572 ||| INVOKING Summon Divine Warrior.
 53577 | Tomb:1   | 53577 ||| INVOKING Cleansing Flame.
 53580 | Tomb:1   | 53580 ||| INVOKING Cleansing Flame.
 53581 | Tomb:1   | 53581 ||| INVOKING Cleansing Flame.
 53582 | Tomb:1   | 53582 ||| INVOKING Cleansing Flame.
 53583 | Tomb:1   | 53583 ||| INVOKING Cleansing Flame.
 53583 | Tomb:1   | Killed a royal mummy
 53695 | Tomb:1   | 53695 ||| INVOKING Cleansing Flame.
 53696 | Tomb:1   | 53696 ||| INVOKING Cleansing Flame.
 53816 | Tomb:1   | 53816 ||| INVOKING Cleansing Flame.
 53824 | Tomb:1   | 53824 ||| INVOKING Cleansing Flame.
 53827 | Tomb:1   | 53827 ||| FLEEEEING.
 53828 | Tomb:1   | 53828 ||| FLEEEEING.
 54419 | Tomb:2   | 54419 ||| DRINKING 10 potions of haste.
 54420 | Tomb:2   | 54420 ||| DRINKING 12 potions of attraction.
 54421 | Tomb:2   | 54421 ||| INVOKING Cleansing Flame.
 54421 | Tomb:2   | Noticed a royal mummy
 54421 | Tomb:2   | Noticed a royal mummy
 54422 | Tomb:2   | 54422 ||| INVOKING Cleansing Flame.
 54422 | Tomb:2   | Noticed a royal mummy
 54422 | Tomb:2   | Noticed a royal mummy
 54423 | Tomb:2   | 54423 ||| INVOKING Cleansing Flame.
 54424 | Tomb:2   | 54424 ||| INVOKING Summon Divine Warrior.
 54425 | Tomb:2   | 54425 ||| INVOKING Cleansing Flame.
 54426 | Tomb:2   | 54426 ||| INVOKING Cleansing Flame.
 54427 | Tomb:2   | 54427 ||| INVOKING Cleansing Flame.
 54427 | Tomb:2   | Killed a royal mummy
 54428 | Tomb:2   | Reached skill level 18 in Invocations
 54433 | Tomb:2   | 54433 ||| INVOKING Cleansing Flame.
 54433 | Tomb:2   | Killed a royal mummy
 54433 | Tomb:2   | Killed a royal mummy
 54434 | Tomb:2   | Killed a royal mummy
 54616 | Tomb:2   | 54616 ||| INVOKING Cleansing Flame.
 54683 | Tomb:2   | Gained mutation: You are weak. (Str -2) [mutagenic glow]
 54703 | Tomb:2   | Lost mutation: You are weak. (Str -2) [mutagenic glow]
 54723 | Tomb:2   | Gained mutation: You occasionally shout uncontrollably at
                  | your foes. [mutagenic glow]
 54939 | Tomb:1   | Noticed a royal mummy
 54940 | Tomb:1   | 54940 ||| INVOKING Summon Divine Warrior.
 54940 | Tomb:1   | Noticed a royal mummy
 54940 | Tomb:1   | Noticed a royal mummy
 54940 | Tomb:1   | Noticed a royal mummy
 54940 | Tomb:1   | Noticed a royal mummy
 54941 | Tomb:1   | 54941 ||| INVOKING Cleansing Flame.
 54941 | Tomb:1   | Noticed a royal mummy
 54942 | Tomb:1   | 54942 ||| INVOKING Summon Divine Warrior.
 54943 | Tomb:1   | 54943 ||| INVOKING Cleansing Flame.
 54948 | Tomb:1   | 54948 ||| INVOKING Cleansing Flame.
 54948 | Tomb:1   | Killed a royal mummy
 54949 | Tomb:1   | 54949 ||| INVOKING Cleansing Flame.
 54949 | Tomb:1   | Killed a royal mummy
 54950 | Tomb:1   | 54950 ||| INVOKING Cleansing Flame.
 54951 | Tomb:1   | 54951 ||| INVOKING Cleansing Flame.
 54951 | Tomb:1   | HP: 47/196 [royal mummy/divine providence (13)]
 54952 | Tomb:1   | 54952 ||| READING 25 scrolls of teleportation.
 54952 | Tomb:1   | Noticed a royal mummy
 54952 | Tomb:1   | HP: 18/196 [mummy priest/divine providence (17)]
 54953 | Tomb:1   | 54953 ||| DRINKING 16 potions of heal wounds.
 54954 | Tomb:1   | 54954 ||| DRINKING 15 potions of heal wounds.
 54972 | Tomb:1   | 54972 ||| INVOKING Summon Divine Warrior.
 55200 | Tomb:1   | Noticed a royal mummy
 55200 | Tomb:1   | Noticed a royal mummy
 55200 | Tomb:1   | Noticed a royal mummy
 55201 | Tomb:1   | 55201 ||| INVOKING Summon Divine Warrior.
 55201 | Tomb:1   | Noticed a royal mummy
 55203 | Tomb:1   | 55203 ||| INVOKING Summon Divine Warrior.
 55205 | Tomb:1   | 55205 ||| INVOKING Cleansing Flame.
 55207 | Tomb:1   | 55207 ||| INVOKING Cleansing Flame.
 55208 | Tomb:1   | 55208 ||| INVOKING Cleansing Flame.
 55208 | Tomb:1   | HP: 46/196 [??? (9)]
 55209 | Tomb:1   | 55209 ||| READING 24 scrolls of teleportation.
 55209 | Tomb:1   | HP: 16/196 [royal mummy/divine providence (15)]
 55210 | Tomb:1   | 55210 ||| DRINKING 14 potions of heal wounds.
 55211 | Tomb:1   | 55211 ||| DRINKING 13 potions of heal wounds.
 55211 | Tomb:1   | Noticed a royal mummy
 55211 | Tomb:1   | Noticed a royal mummy
 55211 | Tomb:1   | Noticed a royal mummy
 55211 | Tomb:1   | Noticed a royal mummy
 55211 | Tomb:1   | Noticed a royal mummy
 55211 | Tomb:1   | Noticed a royal mummy
 55211 | Tomb:1   | Noticed a royal mummy
 55212 | Tomb:1   | 55212 ||| INVOKING Cleansing Flame.
 55212 | Tomb:1   | Noticed a royal mummy
 55212 | Tomb:1   | Noticed a royal mummy
 55213 | Tomb:1   | 55213 ||| INVOKING Cleansing Flame.
 55213 | Tomb:1   | Noticed a royal mummy
 55214 | Tomb:1   | 55214 ||| DRINKING 9 potions of magic.
 55214 | Tomb:1   | HP: 43/196 [royal mummy/divine providence (10)]
 55215 | Tomb:1   | 55215 ||| READING 23 scrolls of teleportation.
 55215 | Tomb:1   | HP: 14/196 [death scarab[a royal mummy] (11)]
 55215 | Tomb:1   | Slain by a death scarab

Levels and vault maps discovered:
D:1:      dpeg_arrival_simpleton_c, layout_basic
D:2:      layout_loops_ring, minmay_quantized, uniq_jessica, uniq_sigmund
D:3:      layout_loops_corners, fiery_altar_vehumet, uniq_ijyb
D:4:      layout_loops_ring, lemuel_coloured_pillars_altar
D:5:      layout_rooms, jmf_multi_god_temple, minmay_temple_entry_wispy,
          portal_sewer_entry_a, enter_ossuary_3, uniq_pikel
D:6:      layout_layer_cave, dancing_weapons_uskayaw,
          nicolae_gozag_cash_rules_everything_around_me,
          mainiacjoe_overflow_tiny_flanked, nicolae_fountain_basement,
          uniq_duvessa, uniq_maggie
D:7:      minmay_spotlight, layout_loops_ring, mainiacjoe_overflow_brackets,
          nicolae_ru_sacrificial_ziggurat, serial_shops,
          nicolae_book_shop_shelving, grunt_decor_arrowhead
D:8:      layout_loops_ring, okawaru_humans, gammafunk_temple_overflow_elements,
          erik_lair_orcish_takeover, enter_bailey_3, minmay_misc_feat_pillars
D:9:      layout_stronghold, mainiacjoe_overflow_small_starburst, minivault_7
D:10:     layout_stronghold, erik_orc_4, serial_bayou, serial_bayou_pond_a,
          serial_bayou_shore_a, serial_bayou_lagoon_b, serial_bayou_lagoon_a
D:11:     layout_roguey, wad_mini_maze
D:12:     layout_long_grid, drop_trap, uniq_sonja
D:13:     layout_loops_ring, nemelex_lonely_heart_becter
D:14:     layout_cave_pools, ximxim_vaults_locker_room,
          nicolae_wu_jian_wuxing_cycle, trove_entry_hex_spiral
D:15:     gammafunk_depths_entry_grave, layout_cave_pools, chequers_avenue,
          serial_shops, nicolae_square_shop, uniq_rupert
Temple:   corrupted_temple
Lair:1:   layout_layer_cave, eino_small_chamber_without_monster
Lair:2:   layout_cave_pods, nicolae_shoals_entry_roost,
          spider_nest_entry_web_field, basic_altar
Lair:3:   nzn_winding_woodlands_small [nzn_winding_woodlands_5x15_crooked,
          nzn_winding_woodlands_center_lodge,
          nzn_winding_woodlands_5x15_default], layout_misc_corridors,
          serial_bayou_pond_b, grunt_megastairs_3, lemuel_fruit_tree,
          infiniplex_staircase_pool_2
Lair:4:   layout_hall_layers, dpeg_slime_entry_enclosed, serial_rivers,
          chequers_serial_rivers_micro_c, chequers_serial_rivers_micro_c,
          chequers_serial_rivers_small_3, chequers_serial_rivers_room_a,
          chequers_serial_rivers_marsh, beast_lair_carwin_5
Lair:5:   grunt_lair_end_beastmaster, layout_hall_layers, serial_rivers,
          chequers_serial_rivers_micro_a, chequers_serial_rivers_room_a,
          chequers_serial_rivers_micro_a, chequers_serial_rivers_small_b,
          chequers_serial_rivers_small_b, lemuel_old_faithful,
          serial_bayou_shore_b, infiniplex_staircase_pool
Shoals:1: layout_shoals, nicolae_shoals_lost_giant_hut,
          nicolae_shoals_stone_sculpture_thing
Shoals:2: layout_shoals, nicolae_shoals_cliffside_cave
Shoals:3: layout_shoals, serial_shops, nicolae_shop_crystal,
          nicolae_shop_dealshenge, nicolae_shop_hallway_stairs,
          nicolae_stop_n_shop_2
Shoals:4: shoals_end_grunt_ice, layout_shoals, shoal_ilsuiw,
          nicolae_shoals_undead_eyrie
Spider:1: layout_chambers, nicolae_spider_swamp_cousins, uniq_jorgrun
Spider:2: layout_spider_delve, uniq_donald
Spider:3: layout_chambers, hellmonk_test_site
Spider:4: hellmonk_spider_rune_bug_friends
Slime:1:  layout_caves
Slime:2:  layout_caves, cheibrodos_slime_lost_civilization_5
Slime:3:  layout_caves
Slime:4:  layout_caves
Slime:5
Orc:1:    layout_diamond_mine, special_room [special_room_orc], serial_shops,
          nicolae_diamond_shop
Orc:2:    st_orc_elflike, layout_caves
Vaults:1: gammafunk_ghost_necromancy, v_pattern_3,
          nicolae_vaults_little_squares_6, nicolae_vaults_shelves_hall,
          nicolae_vaults_tangram_1, hangedman_vaults_maws,
          nicolae_vaults_tangram_1, nicolae_vaults_network_star,
          dpeg_vaults_monster_box, ontoclasm_vaults_shuriken,
          dpeg_vaults_pockets_of_resistance, nicolae_vaults_specimen_jars,
          nicolae_vaults_closet_pinwheel_2, nicolae_vaults_big_ls,
          layout_vaults_maze, uniq_asterion
Vaults:2: minmay_crypt_entry_simple_walls, ontoclasm_vaults_ring_square,
          st_lattice, nicolae_vaults_triangles, vaults_room_pool,
          nicolae_vaults_heart-shaped_vault, nicolae_vaults_stepped_doors,
          vaults_dpeg_cross, v_misc_12, vaults_room_semicircle,
          nicolae_vaults_tetromino_Z_2, nicolae_vaults_closet_pinwheel_4,
          nicolae_vaults_storage_closets_1, layout_vaults_omnicross
Vaults:3: ebering_ghost_disaster_area, v_misc_2,
          nicolae_vaults_trapezoid_lopsided_4, nicolae_vaults_frosty_reception,
          nicolae_vaults_two_Ls, grunt_vaults_hallway_long,
          hangedman_vaults_trim, vaults_mumra_minichess_inversion,
          nicolae_vaults_closet_pinwheel_1, nicolae_vaults_storage_room_statues,
          layout_vaults_quadrants, serial_shops, nicolae_shop_rolled_up
Vaults:4: ebering_ghost_rock_garden, v_rooms_4, nicolae_vaults_what_the_h,
          st_cross, nicolae_vaults_network_square,
          nicolae_vaults_closet_pinwheel_4, layout_vaults_chaotic_city
Vaults:5: serial_shops, uniq_sojobo
Crypt:1:  layout_catacombs, minivault_4, corner_web_ring, st_stairs_10, uniq_vv,
          uniq_saint_roka
Crypt:2:  layout_gridlike
Crypt:3:  david_glass_crypt, layout_misc_corridors, tomb_entry_forgotten_bobbens
Tomb:1
Tomb:2
Depths:1: layout_cave_pools, grunt_hell_horde, serial_co_window_serial,
          co_window_corner_a, co_window_corner_a, co_window_corner_a,
          co_window_paths_a, co_window_paths_b, co_window_paths_a,
          co_window_corner_a, co_window_corner_ca, co_window_2corner,
          co_window_corner_b, co_window_corner_b, co_window_corner_b,
          co_window_corner_b
Depths:2: hangedman_hanging_gardens, layout_cross, grunt_hell_entry_dis_old,
          dk_noncrumbling_2, pan_entry, minmay_statues_item
Depths:3: wad_pebble_path, layout_small_grid, enter_ziggurat_b, pan_entry,
          amcnicky_mini_rare_corridor_liquid, abyss_entry_small_statue_room,
          hell_entry, nicolae_diode_basic, infiniplex_staircase_pool_1,
          uniq_mennas
Depths:4: grunt_zot_entry_hairpin, layout_cave_pools, lemuel_doored_altar,
          hell_entry, minmay_shoptagon, uniq_grunn
Zot:1:    layout_twisted_circle
Zot:2:    layout_gridlike
Zot:3:    grunt_twist_and_shout, layout_cathedral_of_symmetry, basic_altar,
          kennysheep_underground_church
Zot:4:    layout_basic

Skill      XL: |  1  2  3  4  5  6  7  8  9 10 11 12 13 14 15 16 17 18 19 20 21 22 23 24 25 26 27 |
---------------+----------------------------------------------------------------------------------+-----
Axes           | 2 3 5 6 7 8 10 11 12 13 14 15 16 18 | 18.0
Fighting       | 4 7 8 9 10 11 12 13 15 16 18 19 21 22 23 25 26 | 26.0
Dodging        | 1 3 4 5 6 7 8 9 10 | 10.0
Shields        | 5 6 7 10 15 17 18 19 20 21 22 | 22.1
Armour         | 7 9 10 11 12 13 14 15 17 19 20 21 22 23 | 23.2
Throwing       | 1 2 6 8 9 10 11 13 14 | 14.7
Invocations    | 2 4 8 10 16 18 | 18.0

Action                     |  1- 3 |  4- 6 |  7- 9 | 10-12 | 13-15 | 16-18 | 19-21 | 22-24 | 25-27 || total
---------------------------+-------+-------+-------+-------+-------+-------+-------+-------+-------++-------
  Melee: War axe           |    94 |    91 |   209 |   375 |   298 |       |       |       |       ||  1067
         Morningstar       |       |       |       |    19 |     4 |       |       |       |       ||    23
         Eveningstar       |       |       |       |       |     8 |       |       |       |       ||     8
         Broad axe         |       |       |       |       |   447 |   847 |   766 |   823 |   870 ||  3753
  Throw: Boomerang         |       |       |       |    52 |    78 |   120 |    16 |    28 |   230 ||   524
         Javelin           |       |       |       |       |   119 |    52 |   155 |    89 |    51 ||   466
 Invoke: Heroism           |       |       |       |    21 |    21 |    37 |    24 |    31 |    11 ||   145
         Finesse           |       |       |       |       |     7 |     5 |     3 |    10 |     2 ||    27
         Cleansing Flame   |       |       |       |       |       |       |       |       |    41 ||    41
         Brand Weapon With |       |       |       |       |       |       |       |       |     1 ||     1
         Summon Divine War |       |       |       |       |       |       |       |       |     7 ||     7
    Use: Scroll            |     1 |     9 |     6 |     8 |    11 |     3 |     3 |     5 |     5 ||    51
         Potion            |       |     2 |     1 |     1 |       |     1 |     2 |     1 |    28 ||    36
   Stab: Distracted        |       |       |     1 |     5 |     5 |       |       |       |     6 ||    17
         Petrified         |       |       |       |       |       |       |       |     2 |       ||     2
         Petrifying        |       |       |       |       |       |       |       |     1 |       ||     1
 Armour: Scale mail        |    53 |    28 |    46 |     1 |       |       |       |       |       ||   128
         Plate armour      |       |       |       |   136 |   258 |   370 |   291 |   432 |   511 ||  1998
         Skin              |       |       |       |     1 |       |       |       |       |       ||     1
  Dodge: Dodged            |    44 |    39 |    84 |   151 |   244 |   307 |   245 |   379 |   473 ||  1966
  Block: Buckler           |    20 |    17 |    24 |    67 |    66 |       |       |       |       ||   194
         Tower shield      |       |       |       |       |   282 |   987 |   770 |   935 |   973 ||  3947
Riposte: War axe           |       |       |    10 |    51 |    32 |       |       |       |       ||    93
         Morningstar       |       |       |       |     3 |       |       |       |       |       ||     3
         Broad axe         |       |       |       |       |   128 |   301 |   255 |   314 |   117 ||  1115
         Eveningstar       |       |       |       |       |     2 |       |       |       |       ||     2

Table legend:
 A = Non-vault XP
 B = Vault XP
 C = Vault XP percentage of total XP
 D = Non-vault monster count
 E = Vault monster count
 F = Vault count percentage of total count
                 A         B        C        D         E       F
            +---------+---------+-------+---------+---------+-------
      Total |  814415 |  529030 |  39.4 |    1547 |     753 |  32.7
            +---------+---------+-------+---------+---------+-------
        D:1 |      37 |       0 |   0.0 |      20 |       0 |   0.0
        D:2 |      24 |     301 |  92.6 |       7 |       7 |  50.0
        D:3 |     137 |      38 |  21.7 |      20 |       1 |   4.8
        D:4 |     383 |       0 |   0.0 |      20 |       0 |   0.0
        D:5 |     891 |     643 |  41.9 |      24 |       9 |  27.3
        D:6 |    1052 |     763 |  42.0 |      21 |       4 |  16.0
        D:7 |     496 |     246 |  33.2 |      12 |       5 |  29.4
        D:8 |     811 |     945 |  53.8 |      38 |      12 |  24.0
        D:9 |    1383 |    1340 |  49.2 |      27 |      18 |  40.0
       D:10 |    1858 |     516 |  21.7 |      11 |      17 |  60.7
       D:11 |    3713 |    1994 |  34.9 |      18 |       3 |  14.3
       D:12 |    5146 |     778 |  13.1 |      14 |       1 |   6.7
       D:13 |    6760 |       0 |   0.0 |      16 |       0 |   0.0
       D:14 |    9353 |    4232 |  31.2 |      20 |      11 |  35.5
       D:15 |   17115 |    7349 |  30.0 |      30 |       9 |  23.1
     Lair:1 |    3257 |       0 |   0.0 |      19 |       0 |   0.0
     Lair:2 |   10326 |    1323 |  11.4 |      42 |       2 |   4.5
     Lair:3 |    5317 |    6773 |  56.0 |      18 |      19 |  51.4
     Lair:4 |   18270 |    1506 |   7.6 |      49 |       5 |   9.3
     Lair:5 |   11117 |    8050 |  42.0 |      39 |      16 |  29.1
   Shoals:1 |   14048 |       0 |   0.0 |      25 |       0 |   0.0
   Shoals:2 |    5171 |       0 |   0.0 |      11 |       0 |   0.0
   Shoals:3 |   20243 |       0 |   0.0 |      34 |       0 |   0.0
   Shoals:4 |   18665 |   28193 |  60.2 |      39 |      46 |  54.1
   Spider:1 |    4550 |    5208 |  53.4 |      10 |      14 |  58.3
   Spider:2 |   18441 |    1371 |   6.9 |      56 |       1 |   1.8
   Spider:3 |   23329 |     833 |   3.4 |      54 |       1 |   1.8
   Spider:4 |   26179 |   15348 |  37.0 |      60 |      23 |  27.7
    Slime:1 |    3349 |       0 |   0.0 |       5 |       0 |   0.0
    Slime:2 |    5439 |       0 |   0.0 |       8 |       0 |   0.0
    Slime:3 |    3941 |       0 |   0.0 |      14 |       0 |   0.0
    Slime:4 |   12309 |       0 |   0.0 |      24 |       0 |   0.0
    Slime:5 |   11572 |   22340 |  65.9 |      22 |      17 |  43.6
      Orc:1 |     988 |    6807 |  87.3 |      22 |      24 |  52.2
      Orc:2 |    1081 |    8091 |  88.2 |      22 |      25 |  53.2
   Vaults:1 |   34110 |   51042 |  59.9 |      50 |      66 |  56.9
   Vaults:2 |   17072 |   22570 |  56.9 |      24 |      28 |  53.8
   Vaults:3 |   18134 |   20074 |  52.5 |      25 |      24 |  49.0
   Vaults:4 |   30786 |   36089 |  54.0 |      40 |      42 |  51.2
   Vaults:5 |   21178 |   97335 |  82.1 |      30 |      92 |  75.4
    Crypt:1 |   41835 |    8233 |  16.4 |      63 |      14 |  18.2
    Crypt:2 |   25430 |     137 |   0.5 |      39 |       1 |   2.5
    Crypt:3 |   22244 |   11002 |  33.1 |      31 |       9 |  22.5
     Tomb:1 |    9052 |   40780 |  81.8 |      32 |      49 |  60.5
     Tomb:2 |   16881 |   28409 |  62.7 |      35 |      41 |  53.9
   Depths:1 |   26105 |   12566 |  32.5 |      33 |      10 |  23.3
   Depths:2 |   30370 |   19757 |  39.4 |      36 |      24 |  40.0
   Depths:3 |   23560 |    4553 |  16.2 |      25 |       1 |   3.8
   Depths:4 |   46317 |   22860 |  33.0 |      43 |      18 |  29.5
      Zot:1 |   21596 |       0 |   0.0 |      18 |       0 |   0.0
      Zot:2 |   35451 |       0 |   0.0 |      29 |       0 |   0.0
      Zot:3 |   62019 |   24262 |  28.1 |      52 |      26 |  33.3
      Zot:4 |   47498 |       0 |   0.0 |      36 |       0 |   0.0
    Abyss:2 |   18026 |    3716 |  17.1 |      35 |       5 |  12.5
    Ossuary |       0 |     657 | 100.0 |       0 |      13 | 100.0
            +---------+---------+-------+---------+---------+-------
